Workbook
Name ____________________________________________AFC1: [1]INV!$A$25:$D$28
Name ____________________________________________AFC3: [1]INV!$F$25:$I$28
Name ____________________________________________AFC5: [1]INV!$K$25:$N$28
Name ____________________________________________BGC1: [1]INV!$A$5:$D$8
Name ____________________________________________BGC3: [1]INV!$F$5:$I$8
Name ____________________________________________BGC5: [1]INV!$K$5:$N$8
Name ____________________________________________CAC1: [1]INV!$A$19:$D$22
Name ____________________________________________CAC3: [1]INV!$F$19:$I$22
Name ____________________________________________CAC5: [1]INV!$K$19:$N$22
Name ____________________________________________SBC1: [1]INV!$A$12:$D$15
Name ____________________________________________SBC3: [1]INV!$F$12:$I$15
Name ____________________________________________SBC5: [1]INV!$K$12:$N$15
Name ___________________________________________AFC1: [1]INV!$A$25:$D$28
Name ___________________________________________AFC3: [1]INV!$F$25:$I$28
Name ___________________________________________AFC5: [1]INV!$K$25:$N$28
Name ___________________________________________BGC1: [1]INV!$A$5:$D$8
Name ___________________________________________BGC3: [1]INV!$F$5:$I$8
Name ___________________________________________BGC5: [1]INV!$K$5:$N$8
Name ___________________________________________CAC1: [1]INV!$A$19:$D$22
Name ___________________________________________CAC3: [1]INV!$F$19:$I$22
Name ___________________________________________CAC5: [1]INV!$K$19:$N$22
Name ___________________________________________SBC1: [1]INV!$A$12:$D$15
Name ___________________________________________SBC3: [1]INV!$F$12:$I$15
Name ___________________________________________SBC5: [1]INV!$K$12:$N$15
Name __________________________________________AFC1: [1]INV!$A$25:$D$28
Name __________________________________________AFC3: [1]INV!$F$25:$I$28
Name __________________________________________AFC5: [1]INV!$K$25:$N$28
Name __________________________________________BGC1: [1]INV!$A$5:$D$8
Name __________________________________________BGC3: [1]INV!$F$5:$I$8
Name __________________________________________BGC5: [1]INV!$K$5:$N$8
Name __________________________________________CAC1: [1]INV!$A$19:$D$22
Name __________________________________________CAC3: [1]INV!$F$19:$I$22
Name __________________________________________CAC5: [1]INV!$K$19:$N$22
Name __________________________________________SBC1: [1]INV!$A$12:$D$15
Name __________________________________________SBC3: [1]INV!$F$12:$I$15
Name __________________________________________SBC5: [1]INV!$K$12:$N$15
Name _________________________________________AFC1: [1]INV!$A$25:$D$28
Name _________________________________________AFC3: [1]INV!$F$25:$I$28
Name _________________________________________AFC5: [1]INV!$K$25:$N$28
Name _________________________________________BGC1: [1]INV!$A$5:$D$8
Name _________________________________________BGC3: [1]INV!$F$5:$I$8
Name _________________________________________BGC5: [1]INV!$K$5:$N$8
Name _________________________________________CAC1: [1]INV!$A$19:$D$22
Name _________________________________________CAC3: [1]INV!$F$19:$I$22
Name _________________________________________CAC5: [1]INV!$K$19:$N$22
Name _________________________________________SBC1: [1]INV!$A$12:$D$15
Name _________________________________________SBC3: [1]INV!$F$12:$I$15
Name _________________________________________SBC5: [1]INV!$K$12:$N$15
Name ________________________________________AFC1: [1]INV!$A$25:$D$28
Name ________________________________________AFC3: [1]INV!$F$25:$I$28
Name ________________________________________AFC5: [1]INV!$K$25:$N$28
Name ________________________________________BGC1: [1]INV!$A$5:$D$8
Name ________________________________________BGC3: [1]INV!$F$5:$I$8
Name ________________________________________BGC5: [1]INV!$K$5:$N$8
Name ________________________________________CAC1: [1]INV!$A$19:$D$22
Name ________________________________________CAC3: [1]INV!$F$19:$I$22
Name ________________________________________CAC5: [1]INV!$K$19:$N$22
Name ________________________________________SBC1: [1]INV!$A$12:$D$15
Name ________________________________________SBC3: [1]INV!$F$12:$I$15
Name ________________________________________SBC5: [1]INV!$K$12:$N$15

Sheet Presupuesto oficial
B2: FORMULARIO 1
B3: PRESUPUESTO OFICIAL
B4: [Las Entidades Estatales deben usar el presente formulario para determinar el Presupuesto Oficial del Proceso de Contratación y solo pueden modificar o ajustar aquello que en este se permite expresamente] [El presente formulario aplica para los procesos de contratación que tengan como forma de pago precios unitarios. Tratándose de otras modalidades de precio, la Entidad debe ajustarlo cuando corresponde a: precio global, llave en mano, administración delegada, reembolso de gastos o cualquier otra forma de precio.]
B6: Adicionalmente, cuando el proceso de contratación es estructurado por precios unitarios, la Entidad debe aplicar las notas 1, 2 y 3 del presente formulario y las casillas de "Descripción", "Porcentaje" de la Administración, Imprevisto, Utilidad y total A.I.U. resaltadas en color amarillo. Tratándose de otras modalidades de precio, la Entidad puede o no configurar los mismos aspectos.
B8: Nº | C8: ITEM DE PAGO | D8: ESPECIFICACIONES | F8: DESCRIPCION | G8: UND. | H8: CANTIDAD | I8: VALOR UNITARIO DE REFERENCIA DE LA ENTIDAD | J8: VALOR UNTARIO OFRECIDO SIN AIU OFRECIDO | K8: VALOR UNITARIO OFRECIDO + AIU OFRECIDO | L8: VALOR TOTAL
D9: GENERAL | E9: PARTICULAR
B11: II - EXPLANACIONES | L11: =SUM(L12:L14) -> 98587608
C12: 210.1.1 P | D12: 210-13 | E12: X | F12: CANALIZACION DE CAUCES (Incluye transporte de equipo) | G12: M3 | H12: 1000 | I12: ='CANALIZACION CAUCES'!L76 -> 19866 | L12: =+I12*H12 -> 19866000
C13: 211.1 | D13: 211-13 | F13: REMOCION DE DERRUMBES | G13: M3 | H13: 5364.1 | I13: ='REMOCION DERRUMBES'!L78 -> 14075 | L13: =+I13*H13 -> 75499708
C14: 230.1 | D14: 230-13 | F14: MEJORAMIENTO DE LA SUBRASANTE CON ADICION DE MATERIALES | G14: M2 | H14: 100 | I14: =+'MEJORAMIENTO SUBRASANTE'!L71 -> 32219 | L14: =+I14*H14 -> 3221900
B15: III - AFIRMADOS, SUBBABSES Y BASES | L15: =SUM(L16:L17) -> 0
B18: IV - PAVIMENTOS ASFÁLTICOS | L18: =SUM(L19) -> 0
B20: V - PAVIMENTOS DE CONCRETO | L20: =SUM(L21:L22) -> 0
B23: VI - ESTRUCTURAS Y DRENAJES | L23: =SUM(L24:L33) -> 44135090
C24: 600.2.3 | D24: 600-13 | F24: EXCAVACIONES VARIAS EN MATERIAL COMUN EN SECO | G24: M3 | H24: 200 | I24: ='EXCAV VARIAS COMUN'!L78 -> 22393 | L24: =+I24*H24 -> 4478600
C25: 600.2.3 P | D25: 600-13 | E25: X | F25: EXCAVACIONES VARIAS EN MATERIAL COMUN EN SECO A MANO | G25: M3 | H25: 50 | I25: ='EXCAV VARIAS A MANO'!L78 -> 49486 | L25: =+I25*H25 -> 2474300
C26: 610.2 P | D26: 610-13 | E26: X | F26: RELLENO DE ESTRUCTURAS CON MATERIAL CRUDO DE RIO | G26: M3 | H26: 80 | I26: ='RELLENO MAT RIO'!L80 -> 128042 | L26: =+I26*H26 -> 10243360
C27: 630.1-4 | D27: 630-13 | F27: CONCRETO CLASE D, RESISTENCIA A LA COMPRESION f´c= 21 Mpa | G27: M3 | H27: 8 | I27: ='CONCRETO CLASE D'!L81 -> 797106 | L27: =+I27*H27 -> 6376848
C28: 630.1-6 | D28: 630-13 | F28: CONCRETO CLASE F, RESISTENCIA A LA COMPRESION f´c= 14 Mpa | G28: M3 | H28: 4 | I28: ='CONCRETO CLASE F'!L81 -> 604158 | L28: =+I28*H28 -> 2416632
C29: 630.1-7 | D29: 630-13 | F29: CONCRETO CLASE G, CICLOPEO EMPLEANDO CONCRETO SIMPLE DE RESISTENCIA MINIMA A LA COMPRESION F´c = 14 MPA | G29: M3 | H29: 2 | I29: ='CONCRETO CLASE G'!L81 -> 605797 | L29: =+I29*H29 -> 1211594
C30: 640.1 | D30: 640-13 | F30: ACERO DE REFUERZO fy = 412 Mpa | G30: KG | H30: 449.9 | I30: ='ACERO DE REFUERZO'!L73 -> 9054 | L30: =+I30*H30 -> 4073394.6
C31: 661.1 | D31: 661-13 | F31: TUBERIA DE CONCRETO REFORZADO CLASE D, 900 MM DE DIAMETRO INTERIOR. | G31: ML | H31: 6 | I31: =+'TUBERIA 900 MM'!L77 -> 1123906 | L31: =+I31*H31 -> 6743436
C32: 681.1 | D32: 681-13 | F32: GAVIONES DE MALLA DE ALAMBRE DE ACERO ENTRELAZADO CLASE 1, RECUBIERTO CON ZINC (GALVANIZADO) | G32: M3 | H32: 15 | I32: ='GAVIONES CLASE I'!L75 -> 407795 | L32: =+I32*H32 -> 6116925
B34: VII - SEÑALIZACION Y SEGURIDAD | L34: =SUM(L35:L36) -> 0
B37: VIII - OBRAS VARIAS | L37: =SUM(L38:L39) -> 0
B40: IX - TRANSPORTE | L40: =SUM(L41:L42) -> 71299070
C41: 900.2 | D41: 900-13 | F41: Transportes de la excavaciòn canales y prestamos | G41: M3-KM | H41: =+(H24+H25)*5 -> 1250 | I41: ='TRANSPORTE EXCAV.'!L71 -> 2540 | L41: =+I41*H41 -> 3175000
C42: 900.3 | D42: 900-13 | F42: Transporte de materiales provenientes de derrumbes medido a partir de 100 M | G42: M3-KM | H42: =+H13*5 -> 26820.5 | I42: ='TRANSPORTE DERRUMBES'!L70 -> 2540 | L42: =+I42*H42 -> 68124070
B43: SUBTOTAL OBRAS | L43: =+L40+L37+L34+L23+L20+L18+L15+L11 -> 2.1402177e+08
F44: SUBTOTAL OBRAS | L44: =+L43 -> 2.1402177e+08
F45: VALOR IVA OBRA (19% SOBRE UTILIDAD DE OBRA) | L45: =+L44*L52*0.19/(1+L53) -> 1564005.2
F46: VALOR TOTAL | L46: =+L45+L44 -> 2.1558577e+08
B49: NOTA 1: Se debe tener en cuenta que el PRECIO UNITARIO incluye el valor de A.I.U. | G49: DESCRIPCIÓN | L49: PORCENTAJE
B50: NOTA 2: Cuando la fracción decimal del peso sea igual o superior a 5 se aproximará por exceso al número entero siguiente del peso y cuando la fracción decimal del peso sea inferior a 5 se aproximará por defecto al número entero del peso. | G50: ADMINISTRACIÓN | I50: A= | L50: 0.2
B51: NOTA 3: El A.I.U y su discriminación deben estar en porcentaje (%). | G51: IMPREVISTO | I51: I= | L51: 0.05
G52: UTILIDAD | I52: U= | L52: 0.05
G53: TOTAL A.I.U | I53: A.I.U.= | L53: 0.3

Sheet Propuesta economica
A1: FORMULARIO 1
A2: PRESUPUESTO OFICIAL
A4: [Los proponentes deben usar el presente formulario para determinar su propuesta económica conforme al Formulario 1 - Presupuesto Oficial publicado por la Entidad] [El presente formato aplica para los procesos de contratación que tengan como forma de pago precios unitarios, la Entidad debe ajustarlo cuando la modalidad de pago corresponde a: precio global, llave en mano, administración delegada, reembolso de gastos o cualquier otra forma de pago.]
A6: Cuando el proceso de contratación es estructurado por precios unitarios, la Entidad debe aplicar las notas 1, 2 y 3 del presente formato y las casillas de "Descripción", "Porcentaje" de la Administración, Imprevisto, Utilidad y total A.I.U. resaltadas en color amarillo.
A8: Nº | B8: ÍTEM DE PAGO | C8: ESPECIFICACIONES | E8: DESCRIPCIÓN | F8: UND. | G8: CANTIDAD | H8: VALOR UNITARIO | I8: VALOR TOTAL
C9: GENERAL | D9: PARTICULAR
A12: Subtotal
A18: Subtotal
A24: Subtotal
A29: Subtotal
A32: Subtotal
A33: SUBTOTAL OBRAS
E36: SUBTOTAL OBRAS (INCLUYE IVA)
E39: VALOR TOTAL
A42: NOTA 1: Se debe tener en cuenta que el PRECIO UNITARIO incluye el valor de A.I.U. | F42: DESCRIPCIÓN | I42: PORCENTAJE
A43: NOTA 2: Cuando la fracción decimal del peso sea igual o superior a 5 se aproximara por exceso al número entero siguiente del peso y cuando la fracción decimal del peso sea inferior a 5 se aproximará por defecto al número entero del peso. | F43: ADMINISTRACIÓN | H43: A= | I43: [Ofrecimiento del Proponente]
A44: NOTA 3: El A.I.U y su discriminación deben estar en porcentaje (%). | F44: IMPREVISTO | H44: I= | I44: [Ofrecimiento del Proponente]
A45: NOTA 4: [Excepcionalmente la Entidad podrá incluir esta nota con el fin de aclarar aspectos relacionados con ítems o descripciones de pago que tengan características particulares (por ejemplo, cuando se realicen a través de monto agotable o global), siempre que no contravengan lo establecido en los Documentos Tipo] | F45: UTILIDAD | H45: U= | I45: [Ofrecimiento del Proponente]
A46: NOTA 5: [Excepcionalmente la Entidad podrá incluir esta nota con el fin de aclarar aspectos relacionados con ítems o descripciones de pago que tengan características particulares (por ejemplo, cuando se realicen a través de monto agotable o global), siempre que no contravengan lo establecido en los Documentos Tipo] | F46: TOTAL A.I.U | H46: A.I.U.= | I46: [Ofrecimiento del Proponente]
A47: NOTA 6: [Excepcionalmente la Entidad podrá incluir esta nota con el fin de aclarar aspectos relacionados con ítems o descripciones de pago que tengan características particulares (por ejemplo, cuando se realicen a través de monto agotable o global), siempre que no contravengan lo establecido en los Documentos Tipo]
D51: Firma del Proponente o de su Representante Legal

Sheet APU
I1: CÓDIGO | J1: MEPI-MN1-IN-10-FR-1
B2: INSTITUTO NACIONAL DE VIAS
B3: PROCESO MISIONAL DE PROYECTOS DE INFRAESTRUCTURA DE TRANSPORTE | I3: VERSIÓN | J3: 1
B4: MANUAL DE INTERVENTORÍA OBRA PÚBLICA
B5: ANÁLISIS DE PRECIOS UNITARIOS | I5: PÁGINA | K5: DE
I8: FECHA | J8: 16 | K8: 5 | L8: 2023
J9: (Día) | K9: (Mes) | L9: (Año)
A10: ITEMS DE LA PROPUESTA ECONÓMICA | G10: ITEMS NO PREVISTOS
A11: UNIDAD EJECUTORA: | B11: SUBDIRECCION DE GESTION DEL RIESGO | I11: DIRECCIÓN TERRITORIAL: | J11: PUTUMAYO
A14: CONTRATO No. | C14: DE
A15: OBJETO CONTRATO: | B15: “ATENDER SITIOS CRÍTICOS DE LA RED TERCIARIA A CARGO DE INVIAS, A TRAVÉS DEL SISTEMA DE MONTO AGOTABLE, EN VÍAS A CARGO DT. PUTUMAYO”.
A18: PROYECTO | B18: RED VIAL TERCIARIA A CARGO DE LA TERRITORIAL PUTUMAYO DE INVIAS
A20: CONTRATISTA:
A22: INTERVENTOR: | I22: CTO No.: | K22: DE
A24: FECHA CIERRE PROCESO DE SELECCIÓN CONTRATO DE OBRA:
F25: (Día) | G25: (Mes) | H25: (Año)
A27: DATOS ESPECÍFICOS
A29: ITEM | B29: DESCRIPCIÓN | I29: GRUPO DE AJUSTE | J29: UNIDAD | L29: CANTIDAD
A32: I. EQUIPO
A34: DESCRIPCIÓN | G34: TIPO | I34: TARIFA/HORA | J34: RENDIMIENTO | L34: Vr. UNITARIO
A37: SUBTOTAL $ | L37: 0
A39: II. MATERIALES
A41: DESCRIPCIÓN | H41: UNIDAD | I41: CANTIDAD | J41: PRECIO UNIT. | L41: Vr. UNITARIO
A44: SUBTOTAL $ | L44: 0
A46: III. TRANSPORTES
A48: MATERIAL | F48: UNIDAD | G48: CANTIDAD (1) | H48: DISTANCIA (2) | I48: CANTIDAD * DISTANCIA (1) * (2) | J48: TARIFA | L48: Vr. UNITARIO
A51: SUBTOTAL $ | L51: 0
A53: IV. MANO DE OBRA
A55: DESCRIPCIÓN | G55: JORNAL | H55: PRESTACIONES | I55: JORNAL TOTAL | J55: RENDIMIENTO | L55: Vr. UNITARIO
A58: SUBTOTAL $ | L58: 0
A60: TOTAL COSTO DIRECTO $ | L60: 0
A62: V. COSTOS INDIRECTOS
A64: DESCRIPCIÓN | I64: Porcentaje | J64: Valor Total
A65: ADMINISTRACIÓN
A66: IMPREVISTOS
A67: UTILIDAD
A68: SUBTOTAL $ | L68: 0
A70: Precio Unitario Total Aproximado al peso $ | L70: =ROUND(L60+L68,0) -> 0
D75: Firma
D76: Nombre:
D77: Representante Legal del Contratista o su Apoderado
D78: Matricula No. :
A80: OBSERVACIONES INTERVENTORÍA:
A86: APROBACIÓN POR INTERVENTORÍA
A87: Nota 1: Cuando se trate de Análisis de precios unitarios correspondientes a ítems de la propuesta económica aprobada, el Interventor aprueba el desglose de los componentes manteniendo el mismo precio unitario de cada ítem, cumpliendo con las especificaciones de construcción vigentes para el proyecto.
A89: Nota 2: Cuando se trate de Análisis de precios unitarios de ítems no previstos, el Interventor aprueba el desglose y precio unitario de cada ítem no previsto, exigiendo la aplicación de los costos correspondientes a insumos y tarifas de la propuesta económica inicial cuando estén contemplados, cumpliendo con las especificaciones de construcción vigente para el proyecto.
D95: Firma
D96: Nombre:
D97: Representante Legal del Interventor o su Apoderado
D98: Matricula No. :
A100: Original: Archivo de Gestión del Contrato (Subdirección Administrativa).
A101: Copias: Unidad Ejecutora, Contratista, Interventor y Dirección Territorial.

Sheet CANALIZACION CAUCES
I1: CÓDIGO | J1: MEPI-MN1-IN-10-FR-1
B2: INSTITUTO NACIONAL DE VIAS
B3: PROCESO MISIONAL DE PROYECTOS DE INFRAESTRUCTURA DE TRANSPORTE | I3: VERSIÓN | J3: 1
B4: MANUAL DE INTERVENTORÍA OBRA PÚBLICA
B5: ANÁLISIS DE PRECIOS UNITARIOS | I5: PÁGINA | J5: 1 | K5: DE | L5: 1
I8: FECHA | J8: 16 | K8: 5 | L8: 2023
J9: (Día) | K9: (Mes) | L9: (Año)
A10: ITEMS DE LA PROPUESTA ECONÓMICA | G10: ITEMS NO PREVISTOS
A11: UNIDAD EJECUTORA: | B11: SUBDIRECCION DE GESTION DEL RIESGO | I11: DIRECCIÓN TERRITORIAL: | J11: PUTUMAYO
A14: CONTRATO No. | C14: DE
A15: OBJETO CONTRATO: | B15: “ATENDER SITIOS CRÍTICOS DE LA RED TERCIARIA A CARGO DE INVIAS, A TRAVÉS DEL SISTEMA DE MONTO AGOTABLE, EN VÍAS A CARGO DT. PUTUMAYO”.
A18: PROYECTO | B18: RED VIAL TERCIARIA A CARGO DE LA TERRITORIAL PUTUMAYO DE INVIAS
A20: CONTRATISTA:
A22: INTERVENTOR: | I22: CTO No.: | K22: DE
A24: FECHA CIERRE PROCESO DE SELECCIÓN CONTRATO DE OBRA:
F25: (Día) | G25: (Mes) | H25: (Año)
A27: DATOS ESPECÍFICOS
A29: ITEM | B29: DESCRIPCIÓN | I29: GRUPO DE AJUSTE | J29: UNIDAD | L29: CANTIDAD
A30: 210.1.1 P | B30: CANALIZACION DE CAUCES | J30: M3
A32: I. EQUIPO
A34: DESCRIPCIÓN | G34: TIPO | I34: TARIFA/HORA | J34: RENDIMIENTO | L34: Vr. UNITARIO
A35: Retroexcavadora E-200 sobre orugas trabajo en rio | I35: 293587 | J35: 20 | L35: =+I35/J35 -> 14679.35
A36: Herramienta menor | L36: =+L64*0.02 -> 11.809244
A38: SUBTOTAL $ | L38: =SUM(L35:L37) -> 14691.159
A40: II. MATERIALES
A42: DESCRIPCIÓN | H42: UNIDAD | I42: CANTIDAD | J42: PRECIO UNIT. | L42: Vr. UNITARIO
A46: SUBTOTAL $ | L46: =SUM(L43:L45) -> 0
A48: III. TRANSPORTES
A50: MATERIAL | F50: UNIDAD | G50: CANTIDAD (1) | H50: DISTANCIA (2) | I50: CANTIDAD * DISTANCIA (1) * (2) | J50: TARIFA | L50: Vr. UNITARIO
A55: SUBTOTAL $ | L55: =SUM(L51:L54) -> 0
A57: IV. MANO DE OBRA
A59: DESCRIPCIÓN | G59: JORNAL | H59: PRESTACIONES | I59: JORNAL TOTAL | J59: RENDIMIENTO | L59: Vr. UNITARIO
A60: Obreros | F60: 1 | G60: 51067 | H60: 1.85 | I60: =+H60*G60 -> 94473.95 | J60: =+J35*8 -> 160 | L60: =+I60/J60 -> 590.46219
A64: SUBTOTAL $ | L64: =SUM(L60:L63) -> 590.46219
A66: TOTAL COSTO DIRECTO $ | L66: =+L64+L55+L46+L38 -> 15281.621
A68: V. COSTOS INDIRECTOS
A70: DESCRIPCIÓN | I70: Porcentaje | J70: Valor Total
A71: ADMINISTRACIÓN | I71: 0.2 | J71: =+L66*I71 -> 3056.3243
A72: IMPREVISTOS | I72: 0.05 | J72: =+L66*I72 -> 764.08107
A73: UTILIDAD | I73: 0.05 | J73: =+L66*I73 -> 764.08107
A74: SUBTOTAL $ | L74: =SUM(J71:K73) -> 4584.4864
A76: Precio Unitario Total Aproximado al peso $ | L76: =ROUND(L66+L74,0) -> 19866
D79: Firma
D80: Nombre:
D81: Representante Legal del Contratista o su Apoderado
D82: Matricula No. :
A84: OBSERVACIONES INTERVENTORÍA:
A88: APROBACIÓN POR INTERVENTORÍA
A89: Nota 1: Cuando se trate de análisis de precios unitarios correspondientes a ítems de la propuesta económica, el Interventor aprueba el desglose de los componentes manteniendo el mismo precio unitario de cada ítem, cumpliendo con las especificaciones de construcción vigentes para el proyecto.
A91: Nota 2: Cuando se trate de análisis de precios unitarios de ítems no previstos, el Interventor aprueba el desglose y precio unitario de cada ítem no previsto, exigiendo la aplicación correspondiente a rendimientos, tarifas, precio de materiales, jornales, costos, etc contemplados en los análisis de precios unitarios aprobados por la interventoría que soportan la propuesta económica y los aprobados durante la ejecución del contrato, cumpliendo con las especificaciones de construcción vigentes para el proyecto. El Contratista y el Interventor certifican que los precios unitarios del ítem o de los ítems no previstos corresponden a los precios del mercado.
D94: Firma
D95: Nombre:
D96: Representante Legal del Interventor o su Apoderado
D97: Matricula No. :
A99: Original: Archivo de Gestión del INVIAS.
A100: Copias: Unidad Ejecutora, Contratista, Interventor y Dirección Territorial.

Sheet REMOCION DERRUMBES
I1: CÓDIGO | J1: MEPI-MN1-IN-10-FR-1
B2: INSTITUTO NACIONAL DE VIAS
B3: PROCESO MISIONAL DE PROYECTOS DE INFRAESTRUCTURA DE TRANSPORTE | I3: VERSIÓN | J3: 1
B4: MANUAL DE INTERVENTORÍA OBRA PÚBLICA
B5: ANÁLISIS DE PRECIOS UNITARIOS | I5: PÁGINA | J5: 1 | K5: DE | L5: 1
I8: FECHA | J8: 16 | K8: 5 | L8: 2023
J9: (Día) | K9: (Mes) | L9: (Año)
A10: ITEMS DE LA PROPUESTA ECONÓMICA | G10: ITEMS NO PREVISTOS
A11: UNIDAD EJECUTORA: | B11: SUBDIRECCION DE GESTION DEL RIESGO | I11: DIRECCIÓN TERRITORIAL: | J11: PUTUMAYO
A14: CONTRATO No. | C14: DE
A15: OBJETO CONTRATO: | B15: “ATENDER SITIOS CRÍTICOS DE LA RED TERCIARIA A CARGO DE INVIAS, A TRAVÉS DEL SISTEMA DE MONTO AGOTABLE, EN VÍAS A CARGO DT. PUTUMAYO”.
A18: PROYECTO | B18: RED VIAL TERCIARIA A CARGO DE LA TERRITORIAL PUTUMAYO DE INVIAS
A20: CONTRATISTA:
A22: INTERVENTOR: | I22: CTO No.: | K22: DE
A24: FECHA CIERRE PROCESO DE SELECCIÓN CONTRATO DE OBRA:
F25: (Día) | G25: (Mes) | H25: (Año)
A27: DATOS ESPECÍFICOS
A29: ITEM | B29: DESCRIPCIÓN | I29: GRUPO DE AJUSTE | J29: UNIDAD | L29: CANTIDAD
A30: 211.1 | B30: REMOCION DE DERRUMBES | J30: M3
A32: I. EQUIPO
A34: DESCRIPCIÓN | G34: TIPO | I34: TARIFA/HORA | J34: RENDIMIENTO | L34: Vr. UNITARIO
A35: Retroexcavadora sobre llantas, motor 62HP, Profundidad excavación de 5.41 m. | I35: 180078 | J35: 35 | L35: =+I35/J35 -> 5145.0857
A36: Herramienta menor (1 % M.O.) | L36: =+L66*0.01 -> 6.7481393
A38: SUBTOTAL $ | L38: =SUM(L35:L37) -> 5151.8339
A40: II. MATERIALES
A42: DESCRIPCIÓN | H42: UNIDAD | I42: CANTIDAD | J42: PRECIO UNIT. | L42: Vr. UNITARIO
A43: Derechos de disposición de material de derrumbe | H43: M3 | I43: 1 | J43: 5000 | L43: =+J43*I43 -> 5000
A48: SUBTOTAL $ | L48: =SUM(L43:L47) -> 5000
A50: III. TRANSPORTES
A52: MATERIAL | F52: UNIDAD | G52: CANTIDAD (1) | H52: DISTANCIA (2) | I52: CANTIDAD * DISTANCIA (1) * (2) | J52: TARIFA | L52: Vr. UNITARIO
A57: SUBTOTAL $ | L57: =SUM(L53:L56) -> 0
A59: IV. MANO DE OBRA
A61: DESCRIPCIÓN | G61: JORNAL | H61: PRESTACIONES | I61: JORNAL TOTAL | J61: RENDIMIENTO | L61: Vr. UNITARIO
A62: Paleteros | F62: 2 | G62: =51067*2 -> 102134 | H62: 1.85 | I62: =+H62*G62 -> 188947.9 | J62: =+J35*8 -> 280 | L62: =+I62/J62 -> 674.81393
A66: SUBTOTAL $ | L66: =SUM(L62:L65) -> 674.81393
A68: TOTAL COSTO DIRECTO $ | L68: =+L66+L57+L48+L38 -> 10826.648
A70: V. COSTOS INDIRECTOS
A72: DESCRIPCIÓN | I72: Porcentaje | J72: Valor Total
A73: ADMINISTRACIÓN | I73: 0.2 | J73: =+L68*I73 -> 2165.3296
A74: IMPREVISTOS | I74: 0.05 | J74: =+L68*I74 -> 541.33239
A75: UTILIDAD | I75: 0.05 | J75: =+L68*I75 -> 541.33239
A76: SUBTOTAL $ | L76: =SUM(J73:K75) -> 3247.9943
A78: Precio Unitario Total Aproximado al peso $ | L78: =ROUND(L68+L76,0) -> 14075
D81: Firma
D82: Nombre:
D83: Representante Legal del Contratista o su Apoderado
D84: Matricula No. :
A86: OBSERVACIONES INTERVENTORÍA:
A90: APROBACIÓN POR INTERVENTORÍA
A91: Nota 1: Cuando se trate de Análisis de precios unitarios correspondientes a ítems de la propuesta económica aprobada, el Interventor aprueba el desglose de los componentes manteniendo el mismo precio unitario de cada ítem, cumpliendo con las especificaciones de construcción vigentes para el proyecto.
A93: Nota 2: Cuando se trate de Análisis de precios unitarios de ítems no previstos, el Interventor aprueba el desglose y precio unitario de cada ítem no previsto, exigiendo la aplicación de los costos correspondientes a insumos y tarifas de la propuesta económica inicial cuando estén contemplados, cumpliendo con las especificaciones de construcción vigente para el proyecto.
D97: Firma
D98: Nombre:
D99: Representante Legal del Interventor o su Apoderado
D100: Matricula No. :
A102: Original: Archivo de Gestión del Contrato (Subdirección Administrativa).
A103: Copias: Unidad Ejecutora, Contratista, Interventor y Dirección Territorial.

Sheet MEJORAMIENTO SUBRASANTE
I1: CÓDIGO | J1: MEPI-MN1-IN-10-FR-1
B2: INSTITUTO NACIONAL DE VIAS
B3: PROCESO MISIONAL DE PROYECTOS DE INFRAESTRUCTURA DE TRANSPORTE | I3: VERSIÓN | J3: 1
B4: MANUAL DE INTERVENTORÍA OBRA PÚBLICA
B5: ANÁLISIS DE PRECIOS UNITARIOS | I5: PÁGINA | J5: 1 | K5: DE | L5: 1
I8: FECHA | J8: 16 | K8: 5 | L8: 2023
J9: (Día) | K9: (Mes) | L9: (Año)
A10: ITEMS DE LA PROPUESTA ECONÓMICA | G10: ITEMS NO PREVISTOS
A11: UNIDAD EJECUTORA: | B11: SUBDIRECCION DE GESTION DEL RIESGO | I11: DIRECCIÓN TERRITORIAL: | J11: PUTUMAYO
A14: CONTRATO No. | C14: DE
A15: OBJETO CONTRATO: | B15: “ATENDER SITIOS CRÍTICOS DE LA RED TERCIARIA A CARGO DE INVIAS, A TRAVÉS DEL SISTEMA DE MONTO AGOTABLE, EN VÍAS A CARGO DT. PUTUMAYO”.
A18: PROYECTO | B18: RED VIAL TERCIARIA A CARGO DE LA TERRITORIAL PUTUMAYO DE INVIAS
A20: CONTRATISTA:
A22: INTERVENTOR: | I22: CTO No.: | K22: DE
A24: FECHA CIERRE PROCESO DE SELECCIÓN CONTRATO DE OBRA:
F25: (Día) | G25: (Mes) | H25: (Año)
A27: DATOS ESPECÍFICOS
A29: ITEM | B29: DESCRIPCIÓN | I29: GRUPO DE AJUSTE | J29: UNIDAD | L29: CANTIDAD
A30: 230.1 | B30: MEJORAMIENTO DE LA SUBRASANTE CON ADICION DE MATERIALES | J30: M2
A32: I. EQUIPO
A34: DESCRIPCIÓN | G34: TIPO | I34: TARIFA/HORA | J34: RENDIMIENTO | L34: Vr. UNITARIO | O34: 1000 | P34: 7 | Q34: =+P34*O34 -> 7000
A35: Motoniveladora, Potencia 140 HP, ancho de cuchilla 3,66 m, peso 11 Ton. | I35: 246964 | J35: 875 | L35: =+I35/J35 -> 282.24457
A36: Vibrocompactador Potencia 153 HP, Peso 10 Ton. | I36: 182951 | J36: 875 | L36: =+I36/J36 -> 209.08686 | Q36: =+Q34/8 -> 875
A37: Carrotanque de agua | I37: 115714 | J37: 875 | L37: =+I37/J37 -> 132.24457
A38: Herramienta menor (10% de Mano de obra) | L38: =+L59*0.1 -> 2.7277986
A39: SUBTOTAL $ | L39: =SUM(L35:L38) -> 626.3038
A41: II. MATERIALES
A43: DESCRIPCIÓN | H43: UNIDAD | I43: CANTIDAD | J43: PRECIO UNIT. | L43: Vr. UNITARIO
A44: Material para mejoramiento de subrasante (Tmáx. = 3 pulgadas) | H44: M3 | I44: 0.246 | J44: 58608 | L44: =+J44*I44 -> 14417.568 | N44: =0.2*1.23 -> 0.246
A45: Agua | H45: LT | I45: 4 | J45: 25 | L45: =+I45*J45 -> 100
A46: SUBTOTAL $ | L46: =SUM(L44:L45) -> 14517.568
A48: III. TRANSPORTES
A50: MATERIAL | F50: UNIDAD | G50: CANTIDAD (1) | H50: DISTANCIA (2) | I50: CANTIDAD * DISTANCIA (1) * (2) | J50: TARIFA | L50: Vr. UNITARIO
A51: =+A44 -> Material para mejoramiento de subrasante (Tmáx. = 3 pulgadas) | F51: m3 | G51: =+I44 -> 0.246 | H51: 20 | I51: =+H51*G51 -> 4.92 | J51: =+'TRANSPORTE EXCAV.'!L61 -> 1953.8333 | L51: =+J51*I51 -> 9612.86
A52: SUBTOTAL $ | L52: =SUM(L51:L51) -> 9612.86
A54: .
A56: DESCRIPCIÓN | G56: JORNAL | H56: PRESTACIONES | I56: JORNAL TOTAL | J56: RENDIMIENTO | L56: Vr. UNITARIO
A57: Obreros | F57: 2 | G57: =51607*F57 -> 103214 | H57: 1.85 | I57: =+H57*G57 -> 190945.9 | J57: =+J35*8 -> 7000 | L57: =+I57/J57 -> 27.277986
A59: SUBTOTAL $ | L59: =SUM(L57:L58) -> 27.277986
A61: TOTAL COSTO DIRECTO $ | L61: =+L59+L52+L46+L39 -> 24784.01
A63: V. COSTOS INDIRECTOS
A65: DESCRIPCIÓN | I65: Porcentaje | J65: Valor Total
A66: ADMINISTRACIÓN | I66: 0.2 | J66: =+L61*I66 -> 4956.802
A67: IMPREVISTOS | I67: 0.05 | J67: =+L61*I67 -> 1239.2005
A68: UTILIDAD | I68: 0.05 | J68: =+L61*I68 -> 1239.2005
A69: SUBTOTAL $ | L69: =SUM(J66:K68) -> 7435.2029
A71: Precio Unitario Total Aproximado al peso $ | L71: =ROUND(L61+L69,0) -> 32219
D74: Firma
D75: Nombre:
D76: Representante Legal del Contratista o su Apoderado
D77: Matricula No. :
A79: OBSERVACIONES INTERVENTORÍA:
A83: APROBACIÓN POR INTERVENTORÍA
A84: Nota 1: Cuando se trate de Análisis de precios unitarios correspondientes a ítems de la propuesta económica aprobada, el Interventor aprueba el desglose de los componentes manteniendo el mismo precio unitario de cada ítem, cumpliendo con las especificaciones de construcción vigentes para el proyecto.
A86: Nota 2: Cuando se trate de Análisis de precios unitarios de ítems no previstos, el Interventor aprueba el desglose y precio unitario de cada ítem no previsto, exigiendo la aplicación de los costos correspondientes a insumos y tarifas de la propuesta económica inicial cuando estén contemplados, cumpliendo con las especificaciones de construcción vigente para el proyecto.
D90: Firma
D91: Nombre: | E91: WILLIAM RENE INSUASTY PORTILLA
D92: Ingeniero Residente de Administración de Mantenimiento Vial, Grupo 2
D93: Matricula No. : 52202 - 51566 NARIÑO
A95: Original: Archivo de Gestión del Contrato (Subdirección Administrativa).
A96: Copias: Unidad Ejecutora, Contratista, Interventor y Dirección Territorial.

Sheet EXCAV VARIAS COMUN
I1: CÓDIGO | J1: MEPI-MN1-IN-10-FR-1
B2: INSTITUTO NACIONAL DE VIAS
B3: PROCESO MISIONAL DE PROYECTOS DE INFRAESTRUCTURA DE TRANSPORTE | I3: VERSIÓN | J3: 1
B4: MANUAL DE INTERVENTORÍA OBRA PÚBLICA
B5: ANÁLISIS DE PRECIOS UNITARIOS | I5: PÁGINA | J5: 1 | K5: DE | L5: 1
I8: FECHA | J8: 16 | K8: 5 | L8: 2023
J9: (Día) | K9: (Mes) | L9: (Año)
A10: ITEMS DE LA PROPUESTA ECONÓMICA | G10: ITEMS NO PREVISTOS
A11: UNIDAD EJECUTORA: | B11: SUBDIRECCION DE GESTION DEL RIESGO | I11: DIRECCIÓN TERRITORIAL: | J11: PUTUMAYO
A14: CONTRATO No. | C14: DE
A15: OBJETO CONTRATO: | B15: “ATENDER SITIOS CRÍTICOS DE LA RED TERCIARIA A CARGO DE INVIAS, A TRAVÉS DEL SISTEMA DE MONTO AGOTABLE, EN VÍAS A CARGO DT. PUTUMAYO”.
A18: PROYECTO | B18: RED VIAL TERCIARIA A CARGO DE LA TERRITORIAL PUTUMAYO DE INVIAS
A20: CONTRATISTA:
A22: INTERVENTOR: | I22: CTO No.: | K22: DE
A24: FECHA CIERRE PROCESO DE SELECCIÓN CONTRATO DE OBRA:
F25: (Día) | G25: (Mes) | H25: (Año)
A27: DATOS ESPECÍFICOS
A29: ITEM | B29: DESCRIPCIÓN | I29: GRUPO DE AJUSTE | J29: UNIDAD | L29: CANTIDAD
A30: 600.2.3 | B30: EXCAVACIONES VARIAS EN MATERIAL COMUN EN SECO | J30: M3
A32: I. EQUIPO
A34: DESCRIPCIÓN | G34: TIPO | I34: TARIFA/HORA | J34: RENDIMIENTO | L34: Vr. UNITARIO
A35: Retroexcavadora E-200 sobre orugas | I35: 293587 | J35: 25 | L35: =+I35/J35 -> 11743.48
A36: Herramienta menor (2% MO) | L36: =+L66*0.02 -> 9.447395
A38: SUBTOTAL $ | L38: =SUM(L35:L37) -> 11752.927
A40: II. MATERIALES
A42: DESCRIPCIÓN | H42: UNIDAD | I42: CANTIDAD | J42: PRECIO UNIT. | L42: Vr. UNITARIO
A43: Derechos de disposición de material de excavación | H43: M3 | I43: 1 | J43: 5000 | L43: =+J43*I43 -> 5000
A48: SUBTOTAL $ | L48: =SUM(L43:L47) -> 5000
A50: III. TRANSPORTES
A52: MATERIAL | F52: UNIDAD | G52: CANTIDAD (1) | H52: DISTANCIA (2) | I52: CANTIDAD * DISTANCIA (1) * (2) | J52: TARIFA | L52: Vr. UNITARIO
A57: SUBTOTAL $ | L57: =SUM(L53:L56) -> 0
A59: IV. MANO DE OBRA
A61: DESCRIPCIÓN | G61: JORNAL | H61: PRESTACIONES | I61: JORNAL TOTAL | J61: RENDIMIENTO | L61: Vr. UNITARIO
A62: Obreros | F62: 1 | G62: 51067 | H62: 1.85 | I62: =+H62*G62 -> 94473.95 | J62: =+J35*8 -> 200 | L62: =+I62/J62 -> 472.36975
A66: SUBTOTAL $ | L66: =SUM(L62:L65) -> 472.36975
A68: TOTAL COSTO DIRECTO $ | L68: =+L66+L57+L48+L38 -> 17225.297
A70: V. COSTOS INDIRECTOS
A72: DESCRIPCIÓN | I72: Porcentaje | J72: Valor Total
A73: ADMINISTRACIÓN | I73: 0.2 | J73: =+L68*I73 -> 3445.0594
A74: IMPREVISTOS | I74: 0.05 | J74: =+L68*I74 -> 861.26486
A75: UTILIDAD | I75: 0.05 | J75: =+L68*I75 -> 861.26486
A76: SUBTOTAL $ | L76: =SUM(J73:K75) -> 5167.5891
A78: Precio Unitario Total Aproximado al peso $ | L78: =ROUND(L68+L76,0) -> 22393
D81: Firma
D82: Nombre:
D83: Representante Legal del Contratista o su Apoderado
D84: Matricula No. :
A86: OBSERVACIONES INTERVENTORÍA:
A90: APROBACIÓN POR INTERVENTORÍA
A91: Nota 1: Cuando se trate de Análisis de precios unitarios correspondientes a ítems de la propuesta económica aprobada, el Interventor aprueba el desglose de los componentes manteniendo el mismo precio unitario de cada ítem, cumpliendo con las especificaciones de construcción vigentes para el proyecto.
A93: Nota 2: Cuando se trate de Análisis de precios unitarios de ítems no previstos, el Interventor aprueba el desglose y precio unitario de cada ítem no previsto, exigiendo la aplicación de los costos correspondientes a insumos y tarifas de la propuesta económica inicial cuando estén contemplados, cumpliendo con las especificaciones de construcción vigente para el proyecto.
D97: Firma
D98: Nombre:
D99: Representante Legal del Interventor o su Apoderado
D100: Matricula No. :
A102: Original: Archivo de Gestión del Contrato (Subdirección Administrativa).
A103: Copias: Unidad Ejecutora, Contratista, Interventor y Dirección Territorial.

Sheet EXCAV VARIAS A MANO
I1: CÓDIGO | J1: MEPI-MN1-IN-10-FR-1
B2: INSTITUTO NACIONAL DE VIAS
B3: PROCESO MISIONAL DE PROYECTOS DE INFRAESTRUCTURA DE TRANSPORTE | I3: VERSIÓN | J3: 1
B4: MANUAL DE INTERVENTORÍA OBRA PÚBLICA
B5: ANÁLISIS DE PRECIOS UNITARIOS | I5: PÁGINA | J5: 1 | K5: DE | L5: 1
I8: FECHA | J8: 16 | K8: 5 | L8: 2023
J9: (Día) | K9: (Mes) | L9: (Año)
A10: ITEMS DE LA PROPUESTA ECONÓMICA | G10: ITEMS NO PREVISTOS
A11: UNIDAD EJECUTORA: | B11: SUBDIRECCION DE GESTION DEL RIESGO | I11: DIRECCIÓN TERRITORIAL: | J11: PUTUMAYO
A14: CONTRATO No. | C14: DE
A15: OBJETO CONTRATO: | B15: “ATENDER SITIOS CRÍTICOS DE LA RED TERCIARIA A CARGO DE INVIAS, A TRAVÉS DEL SISTEMA DE MONTO AGOTABLE, EN VÍAS A CARGO DT. PUTUMAYO”.
A18: PROYECTO | B18: RED VIAL TERCIARIA A CARGO DE LA TERRITORIAL PUTUMAYO DE INVIAS
A20: CONTRATISTA:
A22: INTERVENTOR: | I22: CTO No.: | K22: DE
A24: FECHA CIERRE PROCESO DE SELECCIÓN CONTRATO DE OBRA:
F25: (Día) | G25: (Mes) | H25: (Año)
A27: DATOS ESPECÍFICOS
A29: ITEM | B29: DESCRIPCIÓN | I29: GRUPO DE AJUSTE | J29: UNIDAD | L29: CANTIDAD
A30: 600.2.3 P | B30: EXCAVACIONES VARIAS EN MATERIAL COMUN EN SECO A MANO | J30: M3
A32: I. EQUIPO
A34: DESCRIPCIÓN | G34: TIPO | I34: TARIFA/HORA | J34: RENDIMIENTO | L34: Vr. UNITARIO
A35: Herramienta menor (5% MO) | L35: =+L66*0.05 -> 1574.5658
A38: SUBTOTAL $ | L38: =SUM(L35:L37) -> 1574.5658
A40: II. MATERIALES
A42: DESCRIPCIÓN | H42: UNIDAD | I42: CANTIDAD | J42: PRECIO UNIT. | L42: Vr. UNITARIO
A43: Derechos de disposición de material de excavación | H43: M3 | I43: 1 | J43: 5000 | L43: =+J43*I43 -> 5000
A48: SUBTOTAL $ | L48: =SUM(L43:L47) -> 5000
A50: III. TRANSPORTES
A52: MATERIAL | F52: UNIDAD | G52: CANTIDAD (1) | H52: DISTANCIA (2) | I52: CANTIDAD * DISTANCIA (1) * (2) | J52: TARIFA | L52: Vr. UNITARIO
A57: SUBTOTAL $ | L57: =SUM(L53:L56) -> 0
A59: IV. MANO DE OBRA
A61: DESCRIPCIÓN | G61: JORNAL | H61: PRESTACIONES | I61: JORNAL TOTAL | J61: RENDIMIENTO | L61: Vr. UNITARIO
A62: Obreros | F62: 4 | G62: =51067*F62 -> 204268 | H62: 1.85 | I62: =+H62*G62 -> 377895.8 | J62: 12 | L62: =+I62/J62 -> 31491.317
A66: SUBTOTAL $ | L66: =SUM(L62:L65) -> 31491.317
A68: TOTAL COSTO DIRECTO $ | L68: =+L66+L57+L48+L38 -> 38065.882
A70: V. COSTOS INDIRECTOS
A72: DESCRIPCIÓN | I72: Porcentaje | J72: Valor Total
A73: ADMINISTRACIÓN | I73: 0.2 | J73: =+L68*I73 -> 7613.1765
A74: IMPREVISTOS | I74: 0.05 | J74: =+L68*I74 -> 1903.2941
A75: UTILIDAD | I75: 0.05 | J75: =+L68*I75 -> 1903.2941
A76: SUBTOTAL $ | L76: =SUM(J73:K75) -> 11419.765
A78: Precio Unitario Total Aproximado al peso $ | L78: =ROUND(L68+L76,0) -> 49486
D81: Firma
D82: Nombre:
D83: Representante Legal del Contratista o su Apoderado
D84: Matricula No. :
A86: OBSERVACIONES INTERVENTORÍA:
A90: APROBACIÓN POR INTERVENTORÍA
A91: Nota 1: Cuando se trate de Análisis de precios unitarios correspondientes a ítems de la propuesta económica aprobada, el Interventor aprueba el desglose de los componentes manteniendo el mismo precio unitario de cada ítem, cumpliendo con las especificaciones de construcción vigentes para el proyecto.
A93: Nota 2: Cuando se trate de Análisis de precios unitarios de ítems no previstos, el Interventor aprueba el desglose y precio unitario de cada ítem no previsto, exigiendo la aplicación de los costos correspondientes a insumos y tarifas de la propuesta económica inicial cuando estén contemplados, cumpliendo con las especificaciones de construcción vigente para el proyecto.
D97: Firma
D98: Nombre:
D99: Representante Legal del Interventor o su Apoderado
D100: Matricula No. :
A102: Original: Archivo de Gestión del Contrato (Subdirección Administrativa).
A103: Copias: Unidad Ejecutora, Contratista, Interventor y Dirección Territorial.

Sheet RELLENO MAT RIO
I1: CÓDIGO | J1: MEPI-MN1-IN-10-FR-1
B2: INSTITUTO NACIONAL DE VIAS
B3: PROCESO MISIONAL DE PROYECTOS DE INFRAESTRUCTURA DE TRANSPORTE | I3: VERSIÓN | J3: 1
B4: MANUAL DE INTERVENTORÍA OBRA PÚBLICA
B5: ANÁLISIS DE PRECIOS UNITARIOS | I5: PÁGINA | J5: 1 | K5: DE | L5: 1
I8: FECHA | J8: 16 | K8: 5 | L8: 2023
J9: (Día) | K9: (Mes) | L9: (Año)
A10: ITEMS DE LA PROPUESTA ECONÓMICA | G10: ITEMS NO PREVISTOS
A11: UNIDAD EJECUTORA: | B11: SUBDIRECCION DE GESTION DEL RIESGO | I11: DIRECCIÓN TERRITORIAL: | J11: PUTUMAYO
A14: CONTRATO No. | C14: DE
A15: OBJETO CONTRATO: | B15: “ATENDER SITIOS CRÍTICOS DE LA RED TERCIARIA A CARGO DE INVIAS, A TRAVÉS DEL SISTEMA DE MONTO AGOTABLE, EN VÍAS A CARGO DT. PUTUMAYO”.
A18: PROYECTO | B18: RED VIAL TERCIARIA A CARGO DE LA TERRITORIAL PUTUMAYO DE INVIAS
A20: CONTRATISTA:
A22: INTERVENTOR: | I22: CTO No.: | K22: DE
A24: FECHA CIERRE PROCESO DE SELECCIÓN CONTRATO DE OBRA:
F25: (Día) | G25: (Mes) | H25: (Año)
A27: DATOS ESPECÍFICOS
A29: ITEM | B29: DESCRIPCIÓN | I29: GRUPO DE AJUSTE | J29: UNIDAD | L29: CANTIDAD
A30: 610.2 P | B30: RELLENO DE ESTRUCTURAS CON MATERIAL CRUDO DE RIO | J30: M3 | L30: =+'Presupuesto oficial'!H26 -> 80
A32: I. EQUIPO
A34: DESCRIPCIÓN | G34: TIPO | I34: TARIFA/HORA | J34: RENDIMIENTO | L34: Vr. UNITARIO
A35: Compactador manual vibratorio (CANGURO) (Apisonadores) | I35: 15733 | J35: 4 | L35: =+I35/J35 -> 3933.25
A36: Vibrocompactador, tipo benitìn, de peso 700 kg a 1.5 toneladas | I36: 76189 | J36: 12 | L36: =+I36/J36 -> 6349.0833
A37: Herramienta menor (2 % M.O.) | L37: =+L68*0.02 -> 39.364146
A40: SUBTOTAL $ | L40: =SUM(L35:L39) -> 10321.697
A42: II. MATERIALES
A44: DESCRIPCIÓN | H44: UNIDAD | I44: CANTIDAD | J44: PRECIO UNIT. | L44: Vr. UNITARIO
A45: Material de río para relleno | H45: M3 | I45: 1.2 | J45: 32760 | L45: =+I45*J45 -> 39312
A50: SUBTOTAL $ | L50: =SUM(L45:L49) -> 39312
A52: III. TRANSPORTES
A54: MATERIAL | F54: UNIDAD | G54: CANTIDAD (1) | H54: DISTANCIA (2) | I54: CANTIDAD * DISTANCIA (1) * (2) | J54: TARIFA | L54: Vr. UNITARIO
A55: =+A45 -> Material de río para relleno | F55: m3 | G55: =+I45 -> 1.2 | H55: 20 | I55: =+H55*G55 -> 24 | J55: =+'TRANSPORTE EXCAV.'!L61 -> 1953.8333 | L55: =+J55*I55 -> 46892
A59: SUBTOTAL $ | L59: =SUM(L55:L58) -> 46892
A61: IV. MANO DE OBRA
A63: DESCRIPCIÓN | G63: JORNAL | H63: PRESTACIONES | I63: JORNAL TOTAL | J63: RENDIMIENTO | L63: Vr. UNITARIO
A64: Obreros | F64: 2 | G64: =51067*F64 -> 102134 | H64: 1.85 | I64: =+H64*G64 -> 188947.9 | J64: =+J36*8 -> 96 | L64: =+I64/J64 -> 1968.2073
A68: SUBTOTAL $ | L68: =SUM(L64:L67) -> 1968.2073
A70: TOTAL COSTO DIRECTO $ | L70: =+L68+L59+L50+L40 -> 98493.905
A72: V. COSTOS INDIRECTOS
A74: DESCRIPCIÓN | I74: Porcentaje | J74: Valor Total
A75: ADMINISTRACIÓN | I75: 0.2 | J75: =+L70*I75 -> 19698.781
A76: IMPREVISTOS | I76: 0.05 | J76: =+L70*I76 -> 4924.6952
A77: UTILIDAD | I77: 0.05 | J77: =+L70*I77 -> 4924.6952
A78: SUBTOTAL $ | L78: =SUM(J75:K77) -> 29548.171
A80: Precio Unitario Total Aproximado al peso $ | L80: =ROUND(L70+L78,0) -> 128042
D83: Firma
D84: Nombre:
D85: Representante Legal del Contratista o su Apoderado
D86: Matricula No. :
A88: OBSERVACIONES INTERVENTORÍA:
A92: APROBACIÓN POR INTERVENTORÍA
A93: Nota 1: Cuando se trate de Análisis de precios unitarios correspondientes a ítems de la propuesta económica aprobada, el Interventor aprueba el desglose de los componentes manteniendo el mismo precio unitario de cada ítem, cumpliendo con las especificaciones de construcción vigentes para el proyecto.
A95: Nota 2: Cuando se trate de Análisis de precios unitarios de ítems no previstos, el Interventor aprueba el desglose y precio unitario de cada ítem no previsto, exigiendo la aplicación de los costos correspondientes a insumos y tarifas de la propuesta económica inicial cuando estén contemplados, cumpliendo con las especificaciones de construcción vigente para el proyecto.
D99: Firma
D100: Nombre:
D101: Representante Legal del Interventor o su Apoderado
D102: Matricula No. :
A104: Original: Archivo de Gestión del Contrato (Subdirección Administrativa).
A105: Copias: Unidad Ejecutora, Contratista, Interventor y Dirección Territorial.

Sheet CONCRETO CLASE D
I1: CÓDIGO | J1: MEPI-MN1-IN-10-FR-1
B2: INSTITUTO NACIONAL DE VIAS
B3: PROCESO MISIONAL DE PROYECTOS DE INFRAESTRUCTURA DE TRANSPORTE | I3: VERSIÓN | J3: 1
B4: MANUAL DE INTERVENTORÍA OBRA PÚBLICA
B5: ANÁLISIS DE PRECIOS UNITARIOS | I5: PÁGINA | J5: 1 | K5: DE | L5: 1
I8: FECHA | J8: 16 | K8: 5 | L8: 2023
J9: (Día) | K9: (Mes) | L9: (Año)
A10: ITEMS DE LA PROPUESTA ECONÓMICA | G10: ITEMS NO PREVISTOS
A11: UNIDAD EJECUTORA: | B11: SUBDIRECCION DE GESTION DEL RIESGO | I11: DIRECCIÓN TERRITORIAL: | J11: PUTUMAYO
A14: CONTRATO No. | C14: DE
A15: OBJETO CONTRATO: | B15: “ATENDER SITIOS CRÍTICOS DE LA RED TERCIARIA A CARGO DE INVIAS, A TRAVÉS DEL SISTEMA DE MONTO AGOTABLE, EN VÍAS A CARGO DT. PUTUMAYO”.
A18: PROYECTO | B18: RED VIAL TERCIARIA A CARGO DE LA TERRITORIAL PUTUMAYO DE INVIAS
A20: CONTRATISTA:
A22: INTERVENTOR: | I22: CTO No.: | K22: DE
A24: FECHA CIERRE PROCESO DE SELECCIÓN CONTRATO DE OBRA:
F25: (Día) | G25: (Mes) | H25: (Año)
A27: DATOS ESPECÍFICOS
A29: ITEM | B29: DESCRIPCIÓN | I29: GRUPO DE AJUSTE | J29: UNIDAD | L29: CANTIDAD
A30: 630.1 - 4 | B30: CONCRETO CLASE D, RESISTENCIA A LA COMPRESION f´c= 21 Mpa | J30: M3
A32: I. EQUIPO
A34: DESCRIPCIÓN | G34: TIPO | I34: TARIFA/HORA | J34: RENDIMIENTO | L34: Vr. UNITARIO
A35: Mezcladora de concreto | I35: 11296 | J35: 0.8 | L35: =+I35/J35 -> 14120
A36: Vibrador de concreto | I36: 10156 | J36: 0.8 | L36: =+I36/J36 -> 12695
A37: Herramienta menor (10 % M.O.) | L37: =+L69*0.1 -> 14761.584
A39: SUBTOTAL $ | L39: =SUM(L35:L38) -> 41576.584
A41: II. MATERIALES
A43: DESCRIPCIÓN | H43: UNIDAD | I43: CANTIDAD | J43: PRECIO UNIT. | L43: Vr. UNITARIO
A44: Agregado para concreto hidrahúlico | H44: M3 | I44: 0.86 | J44: 71237 | L44: =+J44*I44 -> 61263.82
A45: Arena lavada | H45: M3 | I45: 0.56 | J45: 58599 | L45: =+J45*I45 -> 32815.44
A46: Cemento gris | H46: KG | I46: 350 | J46: 645 | L46: =+J46*I46 -> 225750
A47: agua | H47: LT | I47: 160 | J47: 45 | L47: =+J47*I47 -> 7200 | O47: =32000/50 -> 640
A48: Formaleta (gaviones, juntas de bordillos, juntas de cunetas, muros, concretos clase D,E, F y G) | H48: M2 | I48: 3 | J48: 12600 | L48: =+J48*I48 -> 37800
A49: Desperdicios (1 %) | L49: =+M49*1% -> 3648.2926 | M49: =SUM(L44:L48) -> 364829.26
A51: SUBTOTAL $ | L51: =SUM(L44:L50) -> 368477.55
A53: III. TRANSPORTES
A55: MATERIAL | F55: UNIDAD | G55: CANTIDAD (1) | H55: DISTANCIA (2) | I55: CANTIDAD * DISTANCIA (1) * (2) | J55: TARIFA | L55: Vr. UNITARIO
A56: Agregado para concreto hidrahúlico | F56: M3 | G56: =I44 -> 0.86 | H56: 20 | I56: =+H56*G56 -> 17.2 | J56: =+'TRANSPORTE EXCAV.'!L61 -> 1953.8333 | L56: =+J56*I56 -> 33605.933
A57: Arena lavada | F57: M3 | G57: =I45 -> 0.56 | H57: 20 | I57: =+H57*G57 -> 11.2 | J57: =J56 -> 1953.8333 | L57: =+J57*I57 -> 21882.933
A60: SUBTOTAL $ | L60: =SUM(L56:L59) -> 55488.867
A62: IV. MANO DE OBRA
A64: DESCRIPCIÓN | G64: JORNAL | H64: PRESTACIONES | I64: JORNAL TOTAL | J64: RENDIMIENTO | L64: Vr. UNITARIO
A65: Obreros | F65: 8 | G65: =51067*F65 -> 408536 | H65: 1.85 | I65: =+H65*G65 -> 755791.6 | J65: =+J36*8 -> 6.4 | L65: =+I65/J65 -> 118092.44
A66: Oficial | F66: 1 | G66: =102135*F66 -> 102135 | H66: 1.85 | I66: =+H66*G66 -> 188949.75 | J66: =+J65 -> 6.4 | L66: =+I66/J66 -> 29523.398
A69: SUBTOTAL $ | L69: =SUM(L65:L68) -> 147615.84
A71: TOTAL COSTO DIRECTO $ | L71: =+L69+L60+L51+L39 -> 613158.84
A73: V. COSTOS INDIRECTOS
A75: DESCRIPCIÓN | I75: Porcentaje | J75: Valor Total
A76: ADMINISTRACIÓN | I76: 0.2 | J76: =+L71*I76 -> 122631.77
A77: IMPREVISTOS | I77: 0.05 | J77: =+L71*I77 -> 30657.942
A78: UTILIDAD | I78: 0.05 | J78: =+L71*I78 -> 30657.942
A79: SUBTOTAL $ | L79: =SUM(J76:K78) -> 183947.65
A81: Precio Unitario Total Aproximado al peso $ | L81: =ROUND(L71+L79,0) -> 797106
D84: Firma
D85: Nombre:
D86: Representante Legal del Contratista o su Apoderado
D87: Matricula No. :
A89: OBSERVACIONES INTERVENTORÍA:
A93: APROBACIÓN POR INTERVENTORÍA
A94: Nota 1: Cuando se trate de Análisis de precios unitarios correspondientes a ítems de la propuesta económica aprobada, el Interventor aprueba el desglose de los componentes manteniendo el mismo precio unitario de cada ítem, cumpliendo con las especificaciones de construcción vigentes para el proyecto.
A96: Nota 2: Cuando se trate de Análisis de precios unitarios de ítems no previstos, el Interventor aprueba el desglose y precio unitario de cada ítem no previsto, exigiendo la aplicación de los costos correspondientes a insumos y tarifas de la propuesta económica inicial cuando estén contemplados, cumpliendo con las especificaciones de construcción vigente para el proyecto.
D100: Firma
D101: Nombre:
D102: Representante Legal del Interventor o su Apoderado
D103: Matricula No. :
A105: Original: Archivo de Gestión del Contrato (Subdirección Administrativa).
A106: Copias: Unidad Ejecutora, Contratista, Interventor y Dirección Territorial.

Sheet CONCRETO CLASE F
I1: CÓDIGO | J1: MEPI-MN1-IN-10-FR-1
B2: INSTITUTO NACIONAL DE VIAS
B3: PROCESO MISIONAL DE PROYECTOS DE INFRAESTRUCTURA DE TRANSPORTE | I3: VERSIÓN | J3: 1
B4: MANUAL DE INTERVENTORÍA OBRA PÚBLICA
B5: ANÁLISIS DE PRECIOS UNITARIOS | I5: PÁGINA | J5: 1 | K5: DE | L5: 1
I8: FECHA | J8: 16 | K8: 5 | L8: 2023
J9: (Día) | K9: (Mes) | L9: (Año)
A10: ITEMS DE LA PROPUESTA ECONÓMICA | G10: ITEMS NO PREVISTOS
A11: UNIDAD EJECUTORA: | B11: SUBDIRECCION DE GESTION DEL RIESGO | I11: DIRECCIÓN TERRITORIAL: | J11: PUTUMAYO
A14: CONTRATO No. | C14: DE
A15: OBJETO CONTRATO: | B15: “ATENDER SITIOS CRÍTICOS DE LA RED TERCIARIA A CARGO DE INVIAS, A TRAVÉS DEL SISTEMA DE MONTO AGOTABLE, EN VÍAS A CARGO DT. PUTUMAYO”.
A18: PROYECTO | B18: RED VIAL TERCIARIA A CARGO DE LA TERRITORIAL PUTUMAYO DE INVIAS
A20: CONTRATISTA:
A22: INTERVENTOR: | I22: CTO No.: | K22: DE
A24: FECHA CIERRE PROCESO DE SELECCIÓN CONTRATO DE OBRA:
F25: (Día) | G25: (Mes) | H25: (Año)
A27: DATOS ESPECÍFICOS
A29: ITEM | B29: DESCRIPCIÓN | I29: GRUPO DE AJUSTE | J29: UNIDAD | L29: CANTIDAD
A30: 630.1 - 6 | B30: CONCRETO CLASE F, RESISTENCIA A LA COMPRESION f´c= 14 Mpa | J30: M3
A32: I. EQUIPO
A34: DESCRIPCIÓN | G34: TIPO | I34: TARIFA/HORA | J34: RENDIMIENTO | L34: Vr. UNITARIO
A35: Mezcladora de concreto | I35: =+'CONCRETO CLASE D'!I35 -> 11296 | J35: 0.8 | L35: =+I35/J35 -> 14120
A36: Vibrador de concreto | I36: =+'CONCRETO CLASE D'!I36 -> 10156 | J36: 0.8 | L36: =+I36/J36 -> 12695
A37: Herramienta menor (10 % M.O.) | L37: =+L69*0.1 -> 11809.273
A39: SUBTOTAL $ | L39: =SUM(L35:L38) -> 38624.273
A41: II. MATERIALES
A43: DESCRIPCIÓN | H43: UNIDAD | I43: CANTIDAD | J43: PRECIO UNIT. | L43: Vr. UNITARIO
A44: Agregado para concreto hidrahúlico | H44: M3 | I44: 0.84 | J44: =+'CONCRETO CLASE D'!J44:K44 -> 71237 | L44: =+J44*I44 -> 59839.08
A45: Arena lavada | H45: M3 | I45: 0.63 | J45: =+'CONCRETO CLASE D'!J45:K45 -> 58599 | L45: =+J45*I45 -> 36917.37
A46: Cemento gris | H46: KG | I46: 260 | J46: =+'CONCRETO CLASE D'!J46:K46 -> 645 | L46: =+J46*I46 -> 167700
A47: agua | H47: LT | I47: 185 | J47: =+'CONCRETO CLASE D'!J47:K47 -> 45 | L47: =+J47*I47 -> 8325
A48: Formaleta (gaviones, juntas de bordillos, juntas de cunetas, muros, concretos clase D,E y G) | H48: M2 | I48: 1.2 | J48: =+'CONCRETO CLASE D'!J48:K48 -> 12600 | L48: =+J48*I48 -> 15120
A49: Desperdicios (2%) | L49: =+M49*0.02 -> 5758.029 | M49: =SUM(L44:L48) -> 287901.45 | N49: =+L45+L46+L47+L48+L49 -> 233820.4
A51: SUBTOTAL $ | L51: =SUM(L44:L50) -> 293659.48
A53: III. TRANSPORTES
A55: MATERIAL | F55: UNIDAD | G55: CANTIDAD (1) | H55: DISTANCIA (2) | I55: CANTIDAD * DISTANCIA (1) * (2) | J55: TARIFA | L55: Vr. UNITARIO
A56: Agregado para concreto hidrahúlico | F56: M3 | G56: =I44 -> 0.84 | H56: 5 | I56: =+H56*G56 -> 4.2 | J56: =+'TRANSPORTE EXCAV.'!L61 -> 1953.8333 | L56: =+J56*I56 -> 8206.1
A57: Arena lavada | F57: M3 | G57: =I45 -> 0.63 | H57: 5 | I57: =+H57*G57 -> 3.15 | J57: =J56 -> 1953.8333 | L57: =+J57*I57 -> 6154.575
A60: SUBTOTAL $ | L60: =SUM(L56:L59) -> 14360.675
A62: IV. MANO DE OBRA
A64: DESCRIPCIÓN | G64: JORNAL | H64: PRESTACIONES | I64: JORNAL TOTAL | J64: RENDIMIENTO | L64: Vr. UNITARIO
A65: Obreros | F65: 6 | G65: =51067*F65 -> 306402 | H65: 1.85 | I65: =+H65*G65 -> 566843.7 | J65: =+J36*8 -> 6.4 | L65: =+I65/J65 -> 88569.328
A66: Oficial | F66: 1 | G66: =102135*F66 -> 102135 | H66: 1.85 | I66: =+H66*G66 -> 188949.75 | J66: =+J65 -> 6.4 | L66: =+I66/J66 -> 29523.398
A69: SUBTOTAL $ | L69: =SUM(L65:L68) -> 118092.73
A71: TOTAL COSTO DIRECTO $ | L71: =+L69+L60+L51+L39 -> 464737.15
A73: V. COSTOS INDIRECTOS
A75: DESCRIPCIÓN | I75: Porcentaje | J75: Valor Total
A76: ADMINISTRACIÓN | I76: 0.2 | J76: =+L71*I76 -> 92947.431
A77: IMPREVISTOS | I77: 0.05 | J77: =+L71*I77 -> 23236.858
A78: UTILIDAD | I78: 0.05 | J78: =+L71*I78 -> 23236.858
A79: SUBTOTAL $ | L79: =SUM(J76:K78) -> 139421.15
A81: Precio Unitario Total Aproximado al peso $ | L81: =ROUND(L71+L79,0) -> 604158
D84: Firma
D85: Nombre:
D86: Representante Legal del Contratista o su Apoderado
D87: Matricula No. :
A89: OBSERVACIONES INTERVENTORÍA:
A93: APROBACIÓN POR INTERVENTORÍA
A94: Nota 1: Cuando se trate de Análisis de precios unitarios correspondientes a ítems de la propuesta económica aprobada, el Interventor aprueba el desglose de los componentes manteniendo el mismo precio unitario de cada ítem, cumpliendo con las especificaciones de construcción vigentes para el proyecto.
A96: Nota 2: Cuando se trate de Análisis de precios unitarios de ítems no previstos, el Interventor aprueba el desglose y precio unitario de cada ítem no previsto, exigiendo la aplicación de los costos correspondientes a insumos y tarifas de la propuesta económica inicial cuando estén contemplados, cumpliendo con las especificaciones de construcción vigente para el proyecto.
D100: Firma
D101: Nombre:
D102: Representante Legal del Interventor o su Apoderado
D103: Matricula No. :
A105: Original: Archivo de Gestión del Contrato (Subdirección Administrativa).
A106: Copias: Unidad Ejecutora, Contratista, Interventor y Dirección Territorial.

Sheet CONCRETO CLASE G
I1: CÓDIGO | J1: MEPI-MN1-IN-10-FR-1
B2: INSTITUTO NACIONAL DE VIAS
B3: PROCESO MISIONAL DE PROYECTOS DE INFRAESTRUCTURA DE TRANSPORTE | I3: VERSIÓN | J3: 1
B4: MANUAL DE INTERVENTORÍA OBRA PÚBLICA
B5: ANÁLISIS DE PRECIOS UNITARIOS | I5: PÁGINA | J5: 1 | K5: DE | L5: 1
I8: FECHA | J8: 16 | K8: 5 | L8: 2023
J9: (Día) | K9: (Mes) | L9: (Año)
A10: ITEMS DE LA PROPUESTA ECONÓMICA | G10: ITEMS NO PREVISTOS
A11: UNIDAD EJECUTORA: | B11: SUBDIRECCION DE GESTION DEL RIESGO | I11: DIRECCIÓN TERRITORIAL: | J11: PUTUMAYO
A14: CONTRATO No. | C14: DE
A15: OBJETO CONTRATO: | B15: “ATENDER SITIOS CRÍTICOS DE LA RED TERCIARIA A CARGO DE INVIAS, A TRAVÉS DEL SISTEMA DE MONTO AGOTABLE, EN VÍAS A CARGO DT. PUTUMAYO”.
A18: PROYECTO | B18: RED VIAL TERCIARIA A CARGO DE LA TERRITORIAL PUTUMAYO DE INVIAS
A20: CONTRATISTA:
A22: INTERVENTOR: | I22: CTO No.: | K22: DE
A24: FECHA CIERRE PROCESO DE SELECCIÓN CONTRATO DE OBRA:
F25: (Día) | G25: (Mes) | H25: (Año)
A27: DATOS ESPECÍFICOS
A29: ITEM | B29: DESCRIPCIÓN | I29: GRUPO DE AJUSTE | J29: UNIDAD | L29: CANTIDAD
A30: 630.1 - 7 | B30: CONCRETO CLASE G, CICLOPEO EMPLEANDO CONCRETO SIMPLE DE RESISTENCIA MINIMA A LA COMPRESION F´c = 14 MPA | J30: M3
A32: I. EQUIPO
A34: DESCRIPCIÓN | G34: TIPO | I34: TARIFA/HORA | J34: RENDIMIENTO | L34: Vr. UNITARIO
A35: Mezcladora de concreto | I35: =+'CONCRETO CLASE D'!I35 -> 11296 | J35: 0.8 | L35: =+I35/J35 -> 14120
A36: Vibrador de concreto | I36: =+'CONCRETO CLASE D'!I36 -> 10156 | J36: 0.8 | L36: =+I36/J36 -> 12695
A37: Herramienta menor (10 % M.O.) | L37: =+L69*0.1 -> 18894.821
A39: SUBTOTAL $ | L39: =SUM(L35:L38) -> 45709.821
A41: II. MATERIALES
A43: DESCRIPCIÓN | H43: UNIDAD | I43: CANTIDAD | J43: PRECIO UNIT. | L43: Vr. UNITARIO | O43: 1 | P43: 0.6
A44: Agregado para concreto hidrahúlico | H44: M3 | I44: =P44 -> 0.504 | J44: =+'CONCRETO CLASE F'!J44:K44 -> 71237 | L44: =+J44*I44 -> 35903.448 | O44: 0.84 | P44: =+O44*0.6 -> 0.504
A45: Arena lavada | H45: M3 | I45: =P45 -> 0.378 | J45: =+'CONCRETO CLASE F'!J45:K45 -> 58599 | L45: =+J45*I45 -> 22150.422 | O45: 0.63 | P45: =+O45*0.6 -> 0.378
A46: Cemento gris | H46: KG | I46: =P46 -> 156 | J46: =+'CONCRETO CLASE F'!J46:K46 -> 645 | L46: =+J46*I46 -> 100620 | O46: 260 | P46: =+O46*0.6 -> 156
A47: agua | H47: LT | I47: =P47 -> 111 | J47: =+'CONCRETO CLASE F'!J47:K47 -> 45 | L47: =+J47*I47 -> 4995 | O47: 185 | P47: =+O47*0.6 -> 111
A48: Formaleta (gaviones, juntas de bordillos, juntas de cunetas, muros, concretos clase D,E y G) | H48: M2 | I48: =P48 -> 3 | J48: =+'CONCRETO CLASE F'!J48:K48 -> 12600 | L48: =+J48*I48 -> 37800 | O48: 3 | P48: 3
A49: Piedra para Concreto Ciclópeo (Rajón o Canto Rodado) | H49: M3 | I49: 0.4 | J49: 32640 | L49: =+J49*I49 -> 13056
A50: Desperdicios (2%) | L50: =+M50*0.02 -> 4290.4974 | M50: =SUM(L44:L49) -> 214524.87
A52: SUBTOTAL $ | L52: =SUM(L44:L51) -> 218815.37
A54: III. TRANSPORTES
A56: MATERIAL | F56: UNIDAD | G56: CANTIDAD (1) | H56: DISTANCIA (2) | I56: CANTIDAD * DISTANCIA (1) * (2) | J56: TARIFA | L56: Vr. UNITARIO
A57: Agregado para concreto hidrahúlico | F57: M3 | G57: =I44 -> 0.504 | H57: 5 | I57: =+H57*G57 -> 2.52 | J57: =+'TRANSPORTE EXCAV.'!L61 -> 1953.8333 | L57: =+J57*I57 -> 4923.66
A58: Arena lavada | F58: M3 | G58: =I45 -> 0.378 | H58: 5 | I58: =+H58*G58 -> 1.89 | J58: =J57 -> 1953.8333 | L58: =+J58*I58 -> 3692.745
A59: Piedra para concreto ciclópeo | F59: M3 | G59: =I49 -> 0.4 | H59: 5 | I59: =+H59*G59 -> 2 | J59: =J57 -> 1953.8333 | L59: =+J59*I59 -> 3907.6667
A61: SUBTOTAL $ | L61: =SUM(L57:L60) -> 12524.072
A63: IV. MANO DE OBRA
A65: DESCRIPCIÓN | G65: JORNAL | H65: PRESTACIONES | I65: JORNAL TOTAL | J65: RENDIMIENTO | L65: Vr. UNITARIO
A66: Obreros | F66: 10 | G66: =51067*F66 -> 510670 | H66: 1.85 | I66: =+H66*G66 -> 944739.5 | J66: 6 | L66: =+I66/J66 -> 157456.58
A67: Oficial | F67: 1 | G67: =102135*F67 -> 102135 | H67: 1.85 | I67: =+H67*G67 -> 188949.75 | J67: 6 | L67: =+I67/J67 -> 31491.625
A69: SUBTOTAL $ | L69: =SUM(L66:L68) -> 188948.21
A71: TOTAL COSTO DIRECTO $ | L71: =+L69+L61+L52+L39 -> 465997.47
A73: V. COSTOS INDIRECTOS
A75: DESCRIPCIÓN | I75: Porcentaje | J75: Valor Total
A76: ADMINISTRACIÓN | I76: 0.2 | J76: =+L71*I76 -> 93199.494
A77: IMPREVISTOS | I77: 0.05 | J77: =+L71*I77 -> 23299.873
A78: UTILIDAD | I78: 0.05 | J78: =+L71*I78 -> 23299.873
A79: SUBTOTAL $ | L79: =SUM(J76:K78) -> 139799.24
A81: Precio Unitario Total Aproximado al peso $ | L81: =ROUND(L71+L79,0) -> 605797
D84: Firma
D85: Nombre:
D86: Representante Legal del Contratista o su Apoderado
D87: Matricula No. :
A89: OBSERVACIONES INTERVENTORÍA:
A93: APROBACIÓN POR INTERVENTORÍA
A94: Nota 1: Cuando se trate de Análisis de precios unitarios correspondientes a ítems de la propuesta económica aprobada, el Interventor aprueba el desglose de los componentes manteniendo el mismo precio unitario de cada ítem, cumpliendo con las especificaciones de construcción vigentes para el proyecto.
A96: Nota 2: Cuando se trate de Análisis de precios unitarios de ítems no previstos, el Interventor aprueba el desglose y precio unitario de cada ítem no previsto, exigiendo la aplicación de los costos correspondientes a insumos y tarifas de la propuesta económica inicial cuando estén contemplados, cumpliendo con las especificaciones de construcción vigente para el proyecto.
D100: Firma
D101: Nombre:
D102: Representante Legal del Interventor o su Apoderado
D103: Matricula No. :
A105: Original: Archivo de Gestión del Contrato (Subdirección Administrativa).
A106: Copias: Unidad Ejecutora, Contratista, Interventor y Dirección Territorial.

Sheet ACERO DE REFUERZO
I1: CÓDIGO | J1: MEPI-MN1-IN-10-FR-1
B2: INSTITUTO NACIONAL DE VIAS
B3: PROCESO MISIONAL DE PROYECTOS DE INFRAESTRUCTURA DE TRANSPORTE | I3: VERSIÓN | J3: 1
B4: MANUAL DE INTERVENTORÍA OBRA PÚBLICA
B5: ANÁLISIS DE PRECIOS UNITARIOS | I5: PÁGINA | J5: 1 | K5: DE | L5: 1
I8: FECHA | J8: 16 | K8: 5 | L8: 2023
J9: (Día) | K9: (Mes) | L9: (Año)
A10: ITEMS DE LA PROPUESTA ECONÓMICA | G10: ITEMS NO PREVISTOS
A11: UNIDAD EJECUTORA: | B11: SUBDIRECCION DE GESTION DEL RIESGO | I11: DIRECCIÓN TERRITORIAL: | J11: PUTUMAYO
A14: CONTRATO No. | C14: DE
A15: OBJETO CONTRATO: | B15: “ATENDER SITIOS CRÍTICOS DE LA RED TERCIARIA A CARGO DE INVIAS, A TRAVÉS DEL SISTEMA DE MONTO AGOTABLE, EN VÍAS A CARGO DT. PUTUMAYO”.
A18: PROYECTO | B18: RED VIAL TERCIARIA A CARGO DE LA TERRITORIAL PUTUMAYO DE INVIAS
A20: CONTRATISTA:
A22: INTERVENTOR: | I22: CTO No.: | K22: DE
A24: FECHA CIERRE PROCESO DE SELECCIÓN CONTRATO DE OBRA:
F25: (Día) | G25: (Mes) | H25: (Año)
A27: DATOS ESPECÍFICOS
A29: ITEM | B29: DESCRIPCIÓN | I29: GRUPO DE AJUSTE | J29: UNIDAD | L29: CANTIDAD
A30: 640.1 | B30: ACERO DE REFUERZO fy = 412 Mpa | J30: KG
A32: I. EQUIPO
A34: DESCRIPCIÓN | G34: TIPO | I34: TARIFA/HORA | J34: RENDIMIENTO | L34: Vr. UNITARIO
A35: Cizalla manual de 90 cm | I35: 2582 | J35: 37.5 | L35: =+I35/J35 -> 68.853333
A36: Herramienta menor (5% M.O.) | L36: =+L61*0.05 -> 15.745658
A38: SUBTOTAL $ | L38: =SUM(L35:L37) -> 84.598992
A40: II. MATERIALES
A42: DESCRIPCIÓN | H42: UNIDAD | I42: CANTIDAD | J42: PRECIO UNIT. | L42: Vr. UNITARIO
A43: Acero PDR 60 | H43: KG | I43: 1.05 | J43: 5532 | L43: =+J43*I43 -> 5808.6
A44: Alambre negro para amarre | H44: KG | I44: 0.03 | J44: 8427 | L44: =+J44*I44 -> 252.81
A46: SUBTOTAL $ | L46: =SUM(L43:L45) -> 6061.41
A48: III. TRANSPORTES
A50: MATERIAL | F50: UNIDAD | G50: CANTIDAD (1) | H50: DISTANCIA (2) | I50: CANTIDAD * DISTANCIA (1) * (2) | J50: TARIFA | L50: Vr. UNITARIO
A51: Acero PDR 60 | F51: KG/KM | G51: =I43 -> 1.05 | H51: 40 | I51: =+H51*G51 -> 42 | J51: 12 | L51: =+J51*I51 -> 504
A53: SUBTOTAL $ | L53: =SUM(L51:L52) -> 504 | N53: 5/8 | O53: 51440 | P53: 1.552 | Q53: =+O53/(P53*6) -> 5524.055
N54: 3/4 | O54: 70230 | P54: 2.235 | Q54: =+O54/(6*P54) -> 5237.1365
A55: IV. MANO DE OBRA
A57: DESCRIPCIÓN | G57: JORNAL | H57: PRESTACIONES | I57: JORNAL TOTAL | J57: RENDIMIENTO | L57: Vr. UNITARIO | O57: 7080
A58: Obreros | F58: 1 | G58: =51067*F58 -> 51067 | H58: 1.85 | I58: =+H58*G58 -> 94473.95 | J58: =+J35*8 -> 300 | L58: =+I58/J58 -> 314.91317
A61: SUBTOTAL $ | L61: =SUM(L58:L60) -> 314.91317
A63: TOTAL COSTO DIRECTO $ | L63: =+L61+L53+L46+L38 -> 6964.9222
A65: V. COSTOS INDIRECTOS
A67: DESCRIPCIÓN | I67: Porcentaje | J67: Valor Total
A68: ADMINISTRACIÓN | I68: 0.2 | J68: =+L63*I68 -> 1392.9844
A69: IMPREVISTOS | I69: 0.05 | J69: =+L63*I69 -> 348.24611
A70: UTILIDAD | I70: 0.05 | J70: =+L63*I70 -> 348.24611
A71: SUBTOTAL $ | L71: =SUM(J68:K70) -> 2089.4766
A73: Precio Unitario Total Aproximado al peso $ | L73: =ROUND(L63+L71,0) -> 9054
D76: Firma
D77: Nombre:
D78: Representante Legal del Contratista o su Apoderado
D79: Matricula No. :
A81: OBSERVACIONES INTERVENTORÍA:
A85: APROBACIÓN POR INTERVENTORÍA
A86: Nota 1: Cuando se trate de Análisis de precios unitarios correspondientes a ítems de la propuesta económica aprobada, el Interventor aprueba el desglose de los componentes manteniendo el mismo precio unitario de cada ítem, cumpliendo con las especificaciones de construcción vigentes para el proyecto.
A88: Nota 2: Cuando se trate de Análisis de precios unitarios de ítems no previstos, el Interventor aprueba el desglose y precio unitario de cada ítem no previsto, exigiendo la aplicación de los costos correspondientes a insumos y tarifas de la propuesta económica inicial cuando estén contemplados, cumpliendo con las especificaciones de construcción vigente para el proyecto.
D91: Firma
D92: Nombre:
D93: Representante Legal del Interventor o su Apoderado
D94: Matricula No. :
A96: Original: Archivo de Gestión del Contrato (Subdirección Administrativa).
A97: Copias: Unidad Ejecutora, Contratista, Interventor y Dirección Territorial.

Sheet TUBERIA 900 MM
I1: CÓDIGO | J1: MEPI-MN1-IN-10-FR-1
B2: INSTITUTO NACIONAL DE VIAS
B3: PROCESO MISIONAL DE PROYECTOS DE INFRAESTRUCTURA DE TRANSPORTE | I3: VERSIÓN | J3: 1
B4: MANUAL DE INTERVENTORÍA OBRA PÚBLICA
B5: ANÁLISIS DE PRECIOS UNITARIOS | I5: PÁGINA | J5: 1 | K5: DE | L5: 1
I8: FECHA | J8: 16 | K8: 5 | L8: 2023
J9: (Día) | K9: (Mes) | L9: (Año)
A10: ITEMS DE LA PROPUESTA ECONÓMICA | G10: ITEMS NO PREVISTOS
A11: UNIDAD EJECUTORA: | B11: SUBDIRECCION DE GESTION DEL RIESGO | I11: DIRECCIÓN TERRITORIAL: | J11: PUTUMAYO
A14: CONTRATO No. | C14: DE
A15: OBJETO CONTRATO: | B15: “ATENDER SITIOS CRÍTICOS DE LA RED TERCIARIA A CARGO DE INVIAS, A TRAVÉS DEL SISTEMA DE MONTO AGOTABLE, EN VÍAS A CARGO DT. PUTUMAYO”.
A18: PROYECTO | B18: RED VIAL TERCIARIA A CARGO DE LA TERRITORIAL PUTUMAYO DE INVIAS
A20: CONTRATISTA:
A22: INTERVENTOR: | I22: CTO No.: | K22: DE
A24: FECHA CIERRE PROCESO DE SELECCIÓN CONTRATO DE OBRA:
F25: (Día) | G25: (Mes) | H25: (Año)
A27: DATOS ESPECÍFICOS
A29: ITEM | B29: DESCRIPCIÓN | I29: GRUPO DE AJUSTE | J29: UNIDAD | L29: CANTIDAD
A30: 661.1 | B30: TUBERIA DE CONCRETO REFORZADO CLASE D, 900 MM DE DIAMETRO INTERIOR. | J30: ML
A32: I. EQUIPO
A34: DESCRIPCIÓN | G34: TIPO | I34: TARIFA/HORA | J34: RENDIMIENTO | L34: Vr. UNITARIO
A35: Diferencial 2 Ton. | I35: 4921 | J35: 1.5 | L35: =+I35/J35 -> 3280.6667
A36: Herramienta menor (10 % M.O.) | L36: =+L65*0.1 -> 4757.0129
A39: SUBTOTAL $ | L39: =SUM(L35:L38) -> 8037.6796
A41: II. MATERIALES
A43: DESCRIPCIÓN | H43: UNIDAD | I43: CANTIDAD | J43: PRECIO UNIT. | L43: Vr. UNITARIO
A44: Mortero 1:3 para anillos (emboquillado) | H44: M3 | I44: 0.02 | J44: =+'CONCRETO CLASE F'!N49 -> 233820.4 | L44: =+J44*I44 -> 4676.408
A45: Tubo concreto reforzado 900mm (tipo 1) | H45: ML | I45: 1 | J45: 574189 | L45: =+J45*I45 -> 574189
A46: Material de Sub base Granular 20% CBR | H46: M3 | I46: 0.46 | J46: 53319 | L46: =+J46*I46 -> 24526.74
A48: SUBTOTAL $ | L48: =SUM(L44:L47) -> 603392.15
A50: III. TRANSPORTES
A52: MATERIAL | F52: UNIDAD | G52: CANTIDAD (1) | H52: DISTANCIA (2) | I52: CANTIDAD * DISTANCIA (1) * (2) | J52: TARIFA | L52: Vr. UNITARIO
A53: =+A45 -> Tubo concreto reforzado 900mm (tipo 1) | F53: UN | G53: 1.2 | H53: 80 | I53: =+H53*G53 -> 96 | J53: =+'TRANSPORTE EXCAV.'!L61 -> 1953.8333 | L53: =+J53*I53 -> 187568
A54: Material de Sub base Granular 20% CBR | F54: M3 | G54: =I46 -> 0.46 | H54: 20 | I54: =+H54*G54 -> 9.2 | J54: =J53 -> 1953.8333 | L54: =+J54*I54 -> 17975.267
A57: SUBTOTAL $ | L57: =SUM(L53:L56) -> 205543.27
A59: IV. MANO DE OBRA
A61: DESCRIPCIÓN | G61: JORNAL | H61: PRESTACIONES | I61: JORNAL TOTAL | J61: RENDIMIENTO | L61: Vr. UNITARIO
A62: Obreros | F62: 4 | G62: =51607*F62 -> 206428 | H62: 1.85 | I62: =+H62*G62 -> 381891.8 | J62: =+J35*8 -> 12 | L62: =+I62/J62 -> 31824.317
A63: Oficial | F63: 1 | G63: =102135*F63 -> 102135 | H63: 1.85 | I63: =+H63*G63 -> 188949.75 | J63: =+J62 -> 12 | L63: =+I63/J63 -> 15745.812
A65: SUBTOTAL $ | L65: =SUM(L62:L64) -> 47570.129
A67: TOTAL COSTO DIRECTO $ | L67: =+L65+L57+L48+L39 -> 864543.22
A69: V. COSTOS INDIRECTOS
A71: DESCRIPCIÓN | I71: Porcentaje | J71: Valor Total
A72: ADMINISTRACIÓN | I72: 0.2 | J72: =+L67*I72 -> 172908.64
A73: IMPREVISTOS | I73: 0.05 | J73: =+L67*I73 -> 43227.161
A74: UTILIDAD | I74: 0.05 | J74: =+L67*I74 -> 43227.161
A75: SUBTOTAL $ | L75: =SUM(J72:K74) -> 259362.97
A77: Precio Unitario Total Aproximado al peso $ | L77: =ROUND(L67+L75,0) -> 1123906
D80: Firma
D81: Nombre:
D82: Representante Legal del Contratista o su Apoderado
D83: Matricula No. :
A85: OBSERVACIONES INTERVENTORÍA:
A89: APROBACIÓN POR INTERVENTORÍA
A90: Nota 1: Cuando se trate de Análisis de precios unitarios correspondientes a ítems de la propuesta económica aprobada, el Interventor aprueba el desglose de los componentes manteniendo el mismo precio unitario de cada ítem, cumpliendo con las especificaciones de construcción vigentes para el proyecto.
A92: Nota 2: Cuando se trate de Análisis de precios unitarios de ítems no previstos, el Interventor aprueba el desglose y precio unitario de cada ítem no previsto, exigiendo la aplicación de los costos correspondientes a insumos y tarifas de la propuesta económica inicial cuando estén contemplados, cumpliendo con las especificaciones de construcción vigente para el proyecto.
D96: Firma
D97: Nombre:
D98: Representante Legal del Interventor o su Apoderado
D99: Matricula No. :
A101: Original: Archivo de Gestión del Contrato (Subdirección Administrativa).
A102: Copias: Unidad Ejecutora, Contratista, Interventor y Dirección Territorial.

Sheet GAVIONES CLASE I
I1: CÓDIGO | J1: MEPI-MN1-IN-10-FR-1
B2: INSTITUTO NACIONAL DE VIAS
B3: PROCESO MISIONAL DE PROYECTOS DE INFRAESTRUCTURA DE TRANSPORTE | I3: VERSIÓN | J3: 1
B4: MANUAL DE INTERVENTORÍA OBRA PÚBLICA
B5: ANÁLISIS DE PRECIOS UNITARIOS | I5: PÁGINA | J5: 1 | K5: DE | L5: 1
I8: FECHA | J8: 16 | K8: 5 | L8: 2023
J9: (Día) | K9: (Mes) | L9: (Año)
A10: ITEMS DE LA PROPUESTA ECONÓMICA | G10: ITEMS NO PREVISTOS
A11: UNIDAD EJECUTORA: | B11: SUBDIRECCION DE GESTION DEL RIESGO | I11: DIRECCIÓN TERRITORIAL: | J11: PUTUMAYO
A14: CONTRATO No. | C14: DE
A15: OBJETO CONTRATO: | B15: “ATENDER SITIOS CRÍTICOS DE LA RED TERCIARIA A CARGO DE INVIAS, A TRAVÉS DEL SISTEMA DE MONTO AGOTABLE, EN VÍAS A CARGO DT. PUTUMAYO”.
A18: PROYECTO | B18: RED VIAL TERCIARIA A CARGO DE LA TERRITORIAL PUTUMAYO DE INVIAS
A20: CONTRATISTA:
A22: INTERVENTOR: | I22: CTO No.: | K22: DE
A24: FECHA CIERRE PROCESO DE SELECCIÓN CONTRATO DE OBRA:
F25: (Día) | G25: (Mes) | H25: (Año)
A27: DATOS ESPECÍFICOS
A29: ITEM | B29: DESCRIPCIÓN | I29: GRUPO DE AJUSTE | J29: UNIDAD | L29: CANTIDAD
A30: 681.1 | B30: GAVIONES DE MALLA DE ALMBRE DE ACERO ENTRELZADO, CLASE 1, RECUBRIMIENTO DE ZINC (GALVANIZADA). | J30: M3
A32: I. EQUIPO
A34: DESCRIPCIÓN | G34: TIPO | I34: TARIFA/HORA | J34: RENDIMIENTO | L34: Vr. UNITARIO
A35: Herramienta menor (5% M.O.) | L35: =+L63*0.05 -> 2024.4484
A37: SUBTOTAL $ | L37: =SUM(L35:L36) -> 2024.4484
A39: II. MATERIALES
A41: DESCRIPCIÓN | H41: UNIDAD | I41: CANTIDAD | J41: PRECIO UNIT. | L41: Vr. UNITARIO
A42: Alambre galnanizado No. 12 | H42: KG | I42: 1.05 | J42: 10712 | L42: =+J42*I42 -> 11247.6
A43: Malla para gaviones (2 m x 1 m x 1 m ) | H43: UN. | I43: 0.5 | J43: 325000 | L43: =+J43*I43 -> 162500
A44: Piedra para gavión ( 10 cm - 20 cm ) | H44: M3 | I44: 1.05 | J44: 49140 | L44: =+J44*I44 -> 51597
A45: Formaleta (gaviones, juntas de bordillos, juntas de cunetas, muros, concretos clase D,E y G) | H45: M2 | I45: 1 | J45: 24000 | L45: =+J45*I45/5 -> 4800
A47: SUBTOTAL $ | L47: =SUM(L42:L46) -> 230144.6
A49: III. TRANSPORTES
A51: MATERIAL | F51: UNIDAD | G51: CANTIDAD (1) | H51: DISTANCIA (2) | I51: CANTIDAD * DISTANCIA (1) * (2) | J51: TARIFA | L51: Vr. UNITARIO
A52: Piedra para gavión ( 10 cm - 20 cm ) | F52: M3 | G52: =I44 -> 1.05 | H52: 20 | I52: =+H52*G52 -> 21 | J52: =+'TRANSPORTE EXCAV.'!L61 -> 1953.8333 | L52: =+J52*I52 -> 41030.5
A55: SUBTOTAL $ | L55: =SUM(L52:L54) -> 41030.5
A57: IV. MANO DE OBRA
A59: DESCRIPCIÓN | G59: JORNAL | H59: PRESTACIONES | I59: JORNAL TOTAL | J59: RENDIMIENTO | L59: Vr. UNITARIO
A60: Obreros | F60: 4 | G60: =51067*F60 -> 204268 | H60: 1.85 | I60: =+H60*G60 -> 377895.8 | J60: 14 | L60: =+I60/J60 -> 26992.557
A61: Oficial | F61: 1 | G61: =102135*F61 -> 102135 | H61: 1.85 | I61: =+H61*G61 -> 188949.75 | J61: 14 | L61: =+I61/J61 -> 13496.411
A63: SUBTOTAL $ | L63: =SUM(L60:L62) -> 40488.968
A65: TOTAL COSTO DIRECTO $ | L65: =+L63+L55+L47+L37 -> 313688.52
A67: V. COSTOS INDIRECTOS
A69: DESCRIPCIÓN | I69: Porcentaje | J69: Valor Total
A70: ADMINISTRACIÓN | I70: 0.2 | J70: =+L65*I70 -> 62737.703
A71: IMPREVISTOS | I71: 0.05 | J71: =+L65*I71 -> 15684.426
A72: UTILIDAD | I72: 0.05 | J72: =+L65*I72 -> 15684.426
A73: SUBTOTAL $ | L73: =SUM(J70:K72) -> 94106.555
A75: Precio Unitario Total Aproximado al peso $ | L75: =ROUND(L65+L73,0) -> 407795
D78: Firma
D79: Nombre:
D80: Representante Legal del Contratista o su Apoderado
D81: Matricula No. :
A83: OBSERVACIONES INTERVENTORÍA:
A87: APROBACIÓN POR INTERVENTORÍA
A88: Nota 1: Cuando se trate de Análisis de precios unitarios correspondientes a ítems de la propuesta económica aprobada, el Interventor aprueba el desglose de los componentes manteniendo el mismo precio unitario de cada ítem, cumpliendo con las especificaciones de construcción vigentes para el proyecto.
A90: Nota 2: Cuando se trate de Análisis de precios unitarios de ítems no previstos, el Interventor aprueba el desglose y precio unitario de cada ítem no previsto, exigiendo la aplicación de los costos correspondientes a insumos y tarifas de la propuesta económica inicial cuando estén contemplados, cumpliendo con las especificaciones de construcción vigente para el proyecto.
D94: Firma
D95: Nombre:
D96: Representante Legal del Interventor o su Apoderado
D97: Matricula No. :
A99: Original: Archivo de Gestión del Contrato (Subdirección Administrativa).
A100: Copias: Unidad Ejecutora, Contratista, Interventor y Dirección Territorial.

Sheet TRANSPORTE EXCAV.
I1: CÓDIGO | J1: MEPI-MN1-IN-10-FR-1
B2: INSTITUTO NACIONAL DE VIAS
B3: PROCESO MISIONAL DE PROYECTOS DE INFRAESTRUCTURA DE TRANSPORTE | I3: VERSIÓN | J3: 1
B4: MANUAL DE INTERVENTORÍA OBRA PÚBLICA
B5: ANÁLISIS DE PRECIOS UNITARIOS | I5: PÁGINA | J5: 1 | K5: DE | L5: 1
I8: FECHA | J8: 16 | K8: 5 | L8: 2023
J9: (Día) | K9: (Mes) | L9: (Año)
A10: ITEMS DE LA PROPUESTA ECONÓMICA | G10: ITEMS NO PREVISTOS
A11: UNIDAD EJECUTORA: | B11: SUBDIRECCION DE GESTION DEL RIESGO | I11: DIRECCIÓN TERRITORIAL: | J11: PUTUMAYO
A14: CONTRATO No. | C14: DE
A15: OBJETO CONTRATO: | B15: “ATENDER SITIOS CRÍTICOS DE LA RED TERCIARIA A CARGO DE INVIAS, A TRAVÉS DEL SISTEMA DE MONTO AGOTABLE, EN VÍAS A CARGO DT. PUTUMAYO”.
A18: PROYECTO | B18: RED VIAL TERCIARIA A CARGO DE LA TERRITORIAL PUTUMAYO DE INVIAS
A20: CONTRATISTA:
A22: INTERVENTOR: | I22: CTO No.: | K22: DE
A24: FECHA CIERRE PROCESO DE SELECCIÓN CONTRATO DE OBRA:
F25: (Día) | G25: (Mes) | H25: (Año)
A27: DATOS ESPECÍFICOS
A29: ITEM | B29: DESCRIPCIÓN | I29: GRUPO DE AJUSTE | J29: UNIDAD | L29: CANTIDAD
A30: 900.2 | B30: TRANSPORTE DE MATERIALES PROVENIENTES DE LA EXCAVACION DE LA EXPLANACION, CANALES Y PRESTAMOS, PARA DISTANCIAS MAYORES A 1000 METROS, MEDIDO A PARTIR DE 100 METROS. | J30: M3-KM | L30: =+'Presupuesto oficial'!H41 -> 1250
A32: I. EQUIPO
A34: DESCRIPCIÓN | G34: TIPO | I34: TARIFA/HORA | J34: RENDIMIENTO | L34: Vr. UNITARIO
A35: Volqueta 7 m3 | I35: 117230 | J35: 60 | L35: =+I35/J35 -> 1953.8333 | N35: 6 | O35: 1
A38: SUBTOTAL $ | L38: =SUM(L35:L37) -> 1953.8333
A40: II. MATERIALES
A42: DESCRIPCIÓN | H42: UNIDAD | I42: CANTIDAD | J42: PRECIO UNIT. | L42: Vr. UNITARIO
A45: SUBTOTAL $ | L45: =SUM(L43:L44) -> 0
A47: III. TRANSPORTES
A49: MATERIAL | F49: UNIDAD | G49: CANTIDAD (1) | H49: DISTANCIA (2) | I49: CANTIDAD * DISTANCIA (1) * (2) | J49: TARIFA | L49: Vr. UNITARIO
A52: SUBTOTAL $ | L52: =SUM(L50:L51) -> 0
A54: IV. MANO DE OBRA
A56: DESCRIPCIÓN | G56: JORNAL | H56: PRESTACIONES | I56: JORNAL TOTAL | J56: RENDIMIENTO | L56: Vr. UNITARIO
A59: SUBTOTAL $ | L59: =SUM(L57:L58) -> 0
A61: TOTAL COSTO DIRECTO $ | L61: =+L59+L52+L45+L38 -> 1953.8333
A63: V. COSTOS INDIRECTOS
A65: DESCRIPCIÓN | I65: Porcentaje | J65: Valor Total
A66: ADMINISTRACIÓN | I66: 0.2 | J66: =+L61*I66 -> 390.76667
A67: IMPREVISTOS | I67: 0.05 | J67: =+L61*I67 -> 97.691667
A68: UTILIDAD | I68: 0.05 | J68: =+L61*I68 -> 97.691667
A69: SUBTOTAL $ | L69: =SUM(J66:K68) -> 586.15
A71: Precio Unitario Total Aproximado al peso $ | L71: =ROUND(L61+L69,0) -> 2540
D74: Firma
D75: Nombre:
D76: Representante Legal del Contratista o su Apoderado
D77: Matricula No. :
A79: OBSERVACIONES INTERVENTORÍA:
A83: APROBACIÓN POR INTERVENTORÍA
A84: Nota 1: Cuando se trate de Análisis de precios unitarios correspondientes a ítems de la propuesta económica aprobada, el Interventor aprueba el desglose de los componentes manteniendo el mismo precio unitario de cada ítem, cumpliendo con las especificaciones de construcción vigentes para el proyecto.
A86: Nota 2: Cuando se trate de Análisis de precios unitarios de ítems no previstos, el Interventor aprueba el desglose y precio unitario de cada ítem no previsto, exigiendo la aplicación de los costos correspondientes a insumos y tarifas de la propuesta económica inicial cuando estén contemplados, cumpliendo con las especificaciones de construcción vigente para el proyecto.
D90: Firma
D91: Nombre:
D92: Representante Legal del Interventor o su Apoderado
D93: Matricula No. :
A95: Original: Archivo de Gestión del Contrato (Subdirección Administrativa).
A96: Copias: Unidad Ejecutora, Contratista, Interventor y Dirección Territorial.

Sheet TRANSPORTE DERRUMBES
I1: CÓDIGO | J1: MEPI-MN1-IN-10-FR-1
B2: INSTITUTO NACIONAL DE VIAS
B3: PROCESO MISIONAL DE PROYECTOS DE INFRAESTRUCTURA DE TRANSPORTE | I3: VERSIÓN | J3: 1
B4: MANUAL DE INTERVENTORÍA OBRA PÚBLICA
B5: ANÁLISIS DE PRECIOS UNITARIOS | I5: PÁGINA | J5: 1 | K5: DE | L5: 1
I8: FECHA | J8: 16 | K8: 5 | L8: 2023
J9: (Día) | K9: (Mes) | L9: (Año)
A10: ITEMS DE LA PROPUESTA ECONÓMICA | G10: ITEMS NO PREVISTOS
A11: UNIDAD EJECUTORA: | B11: SUBDIRECCION DE GESTION DEL RIESGO | I11: DIRECCIÓN TERRITORIAL: | J11: PUTUMAYO
A14: CONTRATO No. | C14: DE
A15: OBJETO CONTRATO: | B15: “ATENDER SITIOS CRÍTICOS DE LA RED TERCIARIA A CARGO DE INVIAS, A TRAVÉS DEL SISTEMA DE MONTO AGOTABLE, EN VÍAS A CARGO DT. PUTUMAYO”.
A18: PROYECTO | B18: RED VIAL TERCIARIA A CARGO DE LA TERRITORIAL PUTUMAYO DE INVIAS
A20: CONTRATISTA:
A22: INTERVENTOR: | I22: CTO No.: | K22: DE
A24: FECHA CIERRE PROCESO DE SELECCIÓN CONTRATO DE OBRA:
F25: (Día) | G25: (Mes) | H25: (Año)
A27: DATOS ESPECÍFICOS
A29: ITEM | B29: DESCRIPCIÓN | I29: GRUPO DE AJUSTE | J29: UNIDAD | L29: CANTIDAD
A30: 900.3 | B30: TRANSPORTE DE MATERIALES PROVENIENTES DE DERRUMBES, MEDIDO A PARTIR DE 100 METROS. | J30: M3-KM | L30: =+'Presupuesto oficial'!H42 -> 26820.5
A32: I. EQUIPO
A34: DESCRIPCIÓN | G34: TIPO | I34: TARIFA/HORA | J34: RENDIMIENTO | L34: Vr. UNITARIO
A35: Volqueta 7 m3 | I35: 117230 | J35: 60 | L35: =+I35/J35 -> 1953.8333
A37: SUBTOTAL $ | L37: =SUM(L35:L36) -> 1953.8333
A39: II. MATERIALES
A41: DESCRIPCIÓN | H41: UNIDAD | I41: CANTIDAD | J41: PRECIO UNIT. | L41: Vr. UNITARIO
A44: SUBTOTAL $ | L44: =SUM(L42:L43) -> 0
A46: III. TRANSPORTES
A48: MATERIAL | F48: UNIDAD | G48: CANTIDAD (1) | H48: DISTANCIA (2) | I48: CANTIDAD * DISTANCIA (1) * (2) | J48: TARIFA | L48: Vr. UNITARIO
N50: SMMLV | O50: 828116
A51: SUBTOTAL $ | L51: =SUM(L49:L50) -> 0 | O51: =+O50/30 -> 27603.867
A53: IV. MANO DE OBRA
A55: DESCRIPCIÓN | G55: JORNAL | H55: PRESTACIONES | I55: JORNAL TOTAL | J55: RENDIMIENTO | L55: Vr. UNITARIO
A58: SUBTOTAL $ | L58: =SUM(L56:L57) -> 0
A60: TOTAL COSTO DIRECTO $ | L60: =+L58+L51+L44+L37 -> 1953.8333
A62: V. COSTOS INDIRECTOS
A64: DESCRIPCIÓN | I64: Porcentaje | J64: Valor Total
A65: ADMINISTRACIÓN | I65: 0.2 | J65: =+L60*I65 -> 390.76667
A66: IMPREVISTOS | I66: 0.05 | J66: =+L60*I66 -> 97.691667
A67: UTILIDAD | I67: 0.05 | J67: =+L60*I67 -> 97.691667
A68: SUBTOTAL $ | L68: =SUM(J65:K67) -> 586.15
A70: Precio Unitario Total Aproximado al peso $ | L70: =ROUND(L60+L68,0) -> 2540
D73: Firma
D74: Nombre:
D75: Representante Legal del Contratista o su Apoderado
D76: Matricula No. :
A78: OBSERVACIONES INTERVENTORÍA:
A82: APROBACIÓN POR INTERVENTORÍA
A83: Nota 1: Cuando se trate de Análisis de precios unitarios correspondientes a ítems de la propuesta económica aprobada, el Interventor aprueba el desglose de los componentes manteniendo el mismo precio unitario de cada ítem, cumpliendo con las especificaciones de construcción vigentes para el proyecto.
A85: Nota 2: Cuando se trate de Análisis de precios unitarios de ítems no previstos, el Interventor aprueba el desglose y precio unitario de cada ítem no previsto, exigiendo la aplicación de los costos correspondientes a insumos y tarifas de la propuesta económica inicial cuando estén contemplados, cumpliendo con las especificaciones de construcción vigente para el proyecto.
D89: Firma
D90: Nombre:
D91: Representante Legal del Interventor o su Apoderado
D92: Matricula No. :
A94: Original: Archivo de Gestión del Contrato (Subdirección Administrativa).
A95: Copias: Unidad Ejecutora, Contratista, Interventor y Dirección Territorial.
